Workbook

Sheet FF
A1: CRONOGRAMA DE OBRA
A2: CONSTRUCCIÓN CENTRO DE CONVENCIONES VIRGILIO BARCO VARGAS, VILLA DEL ROSARIO, NORTE DE SANTANDER EN EJECUCIÓN DEL CONTRATO CI – SPDT – 04152 – 2024 CELEBRADO ENTRE EL DEPARTAMENTO DE NORTE DE SANTANDER Y LA UNIVERSIDAD DE PAMPLONA.
A4: Fecha de Inicio mes evaluado:
A5: Fecha de Terminacion mes evaluado: | CI5: 45986 | CJ5: 46531 | CK5: =CJ5-CI5 -> 545 | CL5: =CK5/7 -> 77.857143
A6: 1
G7: M-01 | H7: M-02 | M7: M-02 | Q7: M-03 | U7: M-04 | X7: M-05 | AB7: M-06 | AF7: M-07 | AK7: M-08 | AO7: M-09 | AS7: M-10 | AX7: M-11 | BB7: M-12 | BG7: M-13 | BK7: M-14 | BO7: M-15 | BS7: M-16 | BX7: M-17 | CB7: M-18 | CN7: PLAZO INICIAL
A9: Fecha de Inicio semana evaluada: | CN9: Fecha de inicio | CO9: Fecha fin | CP9: Dias totales
A10: Fecha de Terminacion semana evaluada: | CN10: 45986 | CO10: 46531 | CP10: =CO10-CN10+1 -> 546
A12: Ítem* | B12: Descripción* | C12: Und | D12: Cant | E12: Valor unitario | F12: Valor total | G12: SEM-1 | H12: SEM-2 | I12: SEM-3 | J12: SEM-4 | K12: SEM-5 | L12: SEM-6 | M12: SEM-7 | N12: SEM-8 | O12: SEM-9 | P12: SEM-10 | Q12: SEM-11 | R12: SEM-12 | S12: SEM-13 | T12: SEM-14 | U12: SEM-15 | V12: SEM-16 | W12: SEM-17 | X12: SEM-18 | Y12: SEM-19 | Z12: SEM-20 | AA12: SEM-21 | AB12: SEM-22 | AC12: SEM-23 | AD12: SEM-24 | AE12: SEM-25 | AF12: SEM-26 | AG12: SEM-27 | AH12: SEM-28 | AI12: SEM-29 | AJ12: SEM-30 | AK12: SEM-31 | AL12: SEM-32 | AM12: SEM-33 | AN12: SEM-34 | AO12: SEM-35 | AP12: SEM-36 | AQ12: SEM-37 | AR12: SEM-38 | AS12: SEM-39 | AT12: SEM-40 | AU12: SEM-41 | AV12: SEM-42 | AW12: SEM-43 | AX12: SEM-44 | AY12: SEM-45 | AZ12: SEM-46 | BA12: SEM-47 | BB12: SEM-48 | BC12: SEM-49 | BD12: SEM-50 | BE12: SEM-51 | BF12: SEM-52 | BG12: SEM-53 | BH12: SEM-54 | BI12: SEM-55 | BJ12: SEM-56 | BK12: SEM-57 | BL12: SEM-58 | BM12: SEM-59 | BN12: SEM-60 | BO12: SEM-61 | BP12: SEM-62 | BQ12: SEM-63 | BR12: SEM-64 | BS12: SEM-65 | BT12: SEM-66 | BU12: SEM-67 | BV12: SEM-68 | BW12: SEM-69 | BX12: SEM-70 | BY12: SEM-71 | BZ12: SEM-72 | CA12: SEM-73 | CB12: SEM-74 | CC12: SEM-75 | CD12: SEM-76 | CE12: SEM-77 | CF12: SEM-78 | CG12: SEM-79 | CH12: POR EJECUTAR | CI12: SUMA | CJ12: RECTIFICACION | CN12: PLAZO AJUSTADO
A13: 1 | B13: ACTIVIDADES PRELIMINARES | CH13: =IF(C13="","",F13-SUM(G13:CG13)) | CI13: =IF(C13="","",SUM(G13:CG13)) | CJ13: =IF(C13="","",F13=CI13) | CN13: Fecha de inicio | CO13: Fecha suspension | CP13: Dias transcurridos | CR13: Dias restantes
A14: 1.1 | B14: PRELIMINARES | F14: =SUM(F15:F29) -> 409697802 | G14: =G15+G18+G21+G24+G27 -> 0 | H14: =H15+H18+H21+H24+H27 -> 55508322 | I14: =I15+I18+I21+I24+I27 -> 55508322 | J14: =J15+J18+J21+J24+J27 -> 55508322 | K14: =K15+K18+K21+K24+K27 -> 55508322 | L14: =L15+L18+L21+L24+L27 -> 55508321 | M14: =M15+M18+M21+M24+M27 -> 0 | N14: =N15+N18+N21+N24+N27 -> 0 | ... CG14: =CG15+CG18+CG21+CG24+CG27 -> 313725 | CH14: =F14-SUM(G14:CG14) -> 0 | CI14: =IF(C14="","",SUM(G14:CG14)) | CJ14: =IF(C14="","",F14=CI14) | CN14: 45986 | CO14: 46080 | CP14: =CO14-CN14+1 -> 95 | CR14: =CP10-CP14 -> 451
A15: 1.1.1 | B15: CONSTRUCCION PATIO DE ALMACENAMIENTO DE MATERIALES. INCLUYE DEMONTAJE AL CIERRE DEL PROYECTO | C15: M2 | D15: 600 | E15: 136821 | F15: =ROUND(E15*D15,0) -> 82092600 | AF15: =ROUND($F$15/3,0) -> 27364200 | AG15: =ROUND($F$15/3,0) -> 27364200 | AH15: =ROUND($F$15/3,0) -> 27364200 | CH15: =IF(C15="","",F15-SUM(G15:CG15)) -> 0 | CI15: =IF(C15="","",SUM(G15:CG15)) -> 82092600 | CJ15: =IF(C15="","",F15=CI15) -> TRUE
U16: =ROUND(U15/$E15,2) -> 0 | V16: =ROUND(V15/$E15,2) -> 0 | W16: =ROUND(W15/$E15,2) -> 0 | X16: =ROUND(X15/$E15,2) -> 0 | Y16: =ROUND(Y15/$E15,2) -> 0 | Z16: =ROUND(Z15/$E15,2) -> 0 | AA16: =ROUND(AA15/$E15,2) -> 0 | AB16: =ROUND(AB15/$E15,2) -> 0 | ... CD16: =ROUND(CD15/$E15,2) -> 0 | CF16: =ROUND(CF15/$E15,2) -> 0 | CG16: =ROUND(CG15/$E15,2) -> 0 | CH16: =IF(C15="","",D15-SUM(G16:CG16)) -> 0 | CI16: =IF(C15="","",SUM(G16:CG16)) -> 600 | CJ16: =IF(C15="","",D15=CI16) -> TRUE | CN16: Fecha reinicio | CO16: Fecha fin
U17: =U15/$F15 -> 0 | V17: =V15/$F15 -> 0 | W17: =W15/$F15 -> 0 | X17: =X15/$F15 -> 0 | Y17: =Y15/$F15 -> 0 | Z17: =Z15/$F15 -> 0 | AA17: =AA15/$F15 -> 0 | AB17: =AB15/$F15 -> 0 | ... CD17: =CD15/$F15 -> 0 | CF17: =CF15/$F15 -> 0 | CG17: =CG15/$F15 -> 0 | CH17: =IF(C15="","",100%-SUM(G17:CG17)) -> 0 | CI17: =IF(C15="","",SUM(G17:CG17)) -> 1 | CJ17: =IF(C15="","",SUM(G17:CG17)=CI17) -> TRUE | CN17: 46125 | CO17: =CN17+CR14 -> 46576
A18: 1.1.2 | B18: LOCALIZACIÓN Y REPLANTEO | C18: M2 | D18: 74076 | E18: 4022 | F18: =ROUND(E18*D18,0) -> 297933672 | H18: =ROUND(277541609/5,0) -> 55508322 | I18: =ROUND(277541609/5,0) -> 55508322 | J18: =ROUND(277541609/5,0) -> 55508322 | K18: =ROUND(277541609/5,0) -> 55508322 | L18: =ROUNDDOWN(277541609/5,0) -> 55508321 | U18: =ROUND(($F18-SUM($H$18:$L$18))/65,0) -> 313724 | V18: =ROUND(($F18-SUM($H$18:$L$18))/65,0) -> 313724 | W18: =ROUND(($F18-SUM($H$18:$L$18))/65,0) -> 313724 | X18: =ROUND(($F18-SUM($H$18:$L$18))/65,0) -> 313724 | Y18: =ROUND(($F18-SUM($H$18:$L$18))/65,0) -> 313724 | Z18: =ROUND(($F18-SUM($H$18:$L$18))/65,0) -> 313724 | AA18: =ROUND(($F18-SUM($H$18:$L$18))/65,0) -> 313724 | AB18: =ROUND(($F18-SUM($H$18:$L$18))/65,0) -> 313724 | ... CD18: =ROUND(($F18-SUM($H$18:$L$18))/65,0) -> 313724 | CE18: =ROUNDUP(($F18-SUM($H$18:$L$18))/65,0) -> 313725 | CF18: =ROUNDUP(($F18-SUM($H$18:$L$18))/65,0) -> 313725 | CG18: =ROUNDUP(($F18-SUM($H$18:$L$18))/65,0) -> 313725 | CH18: =IF(C18="","",F18-SUM(G18:CG18)) -> 0 | CI18: =IF(C18="","",SUM(G18:CG18)) -> 297933672 | CJ18: =IF(C18="","",F18=CI18) -> TRUE
H19: =ROUND(H18/$E18,2) -> 13801.17 | I19: =ROUND(I18/$E18,2) -> 13801.17 | J19: =ROUND(J18/$E18,2) -> 13801.17 | K19: =ROUNDUP(K18/$E18,2) -> 13801.18 | L19: =ROUNDUP(L18/$E18,2) -> 13801.18 | U19: =ROUND(U18/$E18,2) -> 78 | V19: =ROUND(V18/$E18,2) -> 78 | W19: =ROUND(W18/$E18,2) -> 78 | X19: =ROUND(X18/$E18,2) -> 78 | Y19: =ROUND(Y18/$E18,2) -> 78 | Z19: =ROUND(Z18/$E18,2) -> 78 | AA19: =ROUND(AA18/$E18,2) -> 78 | AB19: =ROUND(AB18/$E18,2) -> 78 | ... BT19: =ROUND(BT18/$E18,2) -> 78 | BU19: =ROUNDUP(BU18/$E18,2) -> 78.01 | BV19: =ROUNDUP(BV18/$E18,2) -> 78.01 | BW19: =ROUNDUP(BW18/$E18,2) -> 78.01 | BX19: =ROUNDUP(BX18/$E18,2) -> 78.01 | BY19: =ROUNDUP(BY18/$E18,2) -> 78.01 | BZ19: =ROUNDUP(BZ18/$E18,2) -> 78.01 | CA19: =ROUNDUP(CA18/$E18,2) -> 78.01 | CB19: =ROUNDUP(CB18/$E18,2) -> 78.01 | ... CG19: =ROUNDUP(CG18/$E18,2) -> 78.01 | CH19: =IF(C18="","",D18-SUM(G19:CG19)) -> 7.2759576e-11 | CI19: =IF(C18="","",SUM(G19:CG19)) -> 74076 | CJ19: =IF(C18="","",D18=CI19) -> FALSE | CK19: ERROR DE EXCEL
G20: =G18/$F18 -> 0 | H20: =H18/$F18 -> 0.18631101 | I20: =I18/$F18 -> 0.18631101 | J20: =J18/$F18 -> 0.18631101 | K20: =K18/$F18 -> 0.18631101 | L20: =L18/$F18 -> 0.186311 | U20: =U18/$F18 -> 0.0010529995 | V20: =V18/$F18 -> 0.0010529995 | W20: =W18/$F18 -> 0.0010529995 | X20: =X18/$F18 -> 0.0010529995 | Y20: =Y18/$F18 -> 0.0010529995 | Z20: =Z18/$F18 -> 0.0010529995 | AA20: =AA18/$F18 -> 0.0010529995 | AB20: =AB18/$F18 -> 0.0010529995 | ... CG20: =CG18/$F18 -> 0.0010530028 | CH20: =IF(C18="","",100%-SUM(G20:CG20)) -> 2.553513e-15 | CI20: =IF(C18="","",SUM(G20:CG20)) -> 1 | CJ20: =IF(C18="","",SUM(G20:CG20)=CI20) -> TRUE
A21: 1.1.3 | B21: SUMINISTRO E INSTALACIÓN DE CERRAMIENTO EN POLISOMBRA BLANCA H=2.10 M. INCLUYE ELEMENTOS DE SOPORTE VERTICAL, INCLUYE DESMONTE | C21: ML | D21: 756.22 | E21: 19881 | F21: =ROUND(E21*D21,0) -> 15034410 | AF21: =ROUND($F$21/2,0) -> 7517205 | AG21: =ROUND($F$21/2,0) -> 7517205 | CH21: =IF(C21="","",F21-SUM(G21:CG21)) -> 0 | CI21: =IF(C21="","",SUM(G21:CG21)) -> 15034410 | CJ21: =IF(C21="","",F21=CI21) -> TRUE
U22: =ROUND(U21/$E21,2) -> 0 | V22: =ROUND(V21/$E21,2) -> 0 | W22: =ROUND(W21/$E21,2) -> 0 | X22: =ROUND(X21/$E21,2) -> 0 | Y22: =ROUND(Y21/$E21,2) -> 0 | Z22: =ROUND(Z21/$E21,2) -> 0 | AA22: =ROUND(AA21/$E21,2) -> 0 | AB22: =ROUND(AB21/$E21,2) -> 0 | ... CD22: =ROUND(CD21/$E21,2) -> 0 | CF22: =ROUND(CF21/$E21,2) -> 0 | CG22: =ROUND(CG21/$E21,2) -> 0 | CH22: =IF(C21="","",D21-SUM(G22:CG22)) -> 0 | CI22: =IF(C21="","",SUM(G22:CG22)) -> 756.22 | CJ22: =IF(C21="","",D21=CI22) -> TRUE
U23: =U21/$F21 -> 0 | V23: =V21/$F21 -> 0 | W23: =W21/$F21 -> 0 | X23: =X21/$F21 -> 0 | Y23: =Y21/$F21 -> 0 | Z23: =Z21/$F21 -> 0 | AA23: =AA21/$F21 -> 0 | AB23: =AB21/$F21 -> 0 | ... AH23: =AH21/$F21 -> 0 | AJ23: =AJ21/$F21 -> 0 | AK23: =AK21/$F21 -> 0 | AL23: =AL21/$F21 -> 0 | AM23: =AM21/$F21 -> 0 | AN23: =AN21/$F21 -> 0 | AO23: =AO21/$F21 -> 0 | AP23: =AP21/$F21 -> 0 | AQ23: =AQ21/$F21 -> 0 | ... CD23: =CD21/$F21 -> 0 | CF23: =CF21/$F21 -> 0 | CG23: =CG21/$F21 -> 0 | CH23: =IF(C21="","",100%-SUM(G23:CG23)) -> 0 | CI23: =IF(C21="","",SUM(G23:CG23)) -> 1 | CJ23: =IF(C21="","",SUM(G23:CG23)=CI23) -> TRUE
A24: 1.1.4 | B24: VIA POR AFIRMADO DE RECEBO | C24: M2 | D24: 360 | E24: 31989 | F24: =ROUND(E24*D24,0) -> 11516040 | AF24: =ROUND($F$24/3,0) -> 3838680 | AG24: =ROUND($F$24/3,0) -> 3838680 | AH24: =ROUND($F$24/3,0) -> 3838680 | CH24: =IF(C24="","",F24-SUM(G24:CG24)) -> 0 | CI24: =IF(C24="","",SUM(G24:CG24)) -> 11516040 | CJ24: =IF(C24="","",F24=CI24) -> TRUE
U25: =ROUND(U24/$E24,2) -> 0 | V25: =ROUND(V24/$E24,2) -> 0 | W25: =ROUND(W24/$E24,2) -> 0 | X25: =ROUND(X24/$E24,2) -> 0 | Y25: =ROUND(Y24/$E24,2) -> 0 | Z25: =ROUND(Z24/$E24,2) -> 0 | AA25: =ROUND(AA24/$E24,2) -> 0 | AB25: =ROUND(AB24/$E24,2) -> 0 | ... CG25: =ROUND(CG24/$E24,2) -> 0 | CH25: =IF(C24="","",D24-SUM(G25:CG25)) -> 0 | CI25: =IF(C24="","",SUM(G25:CG25)) -> 360 | CJ25: =IF(C24="","",D24=CI25) -> TRUE
U26: =U24/$F24 -> 0 | V26: =V24/$F24 -> 0 | W26: =W24/$F24 -> 0 | X26: =X24/$F24 -> 0 | Y26: =Y24/$F24 -> 0 | Z26: =Z24/$F24 -> 0 | AA26: =AA24/$F24 -> 0 | AB26: =AB24/$F24 -> 0 | ... CG26: =CG24/$F24 -> 0 | CH26: =IF(C24="","",100%-SUM(G26:CG26)) -> 0 | CI26: =IF(C24="","",SUM(G26:CG26)) -> 1 | CJ26: =IF(C24="","",SUM(G26:CG26)=CI26) -> TRUE
A27: 1.1.5 | B27: ADECUACION DE PASO PEATONAL | C27: M2 | D27: 120 | E27: 26009 | F27: =ROUND(E27*D27,0) -> 3121080 | AF27: =ROUND($F$27/2,0) -> 1560540 | AG27: =ROUND($F$27/2,0) -> 1560540 | CH27: =IF(C27="","",F27-SUM(G27:CG27)) -> 0 | CI27: =IF(C27="","",SUM(G27:CG27)) -> 3121080 | CJ27: =IF(C27="","",F27=CI27) -> TRUE
U28: =ROUND(U27/$E27,2) -> 0 | V28: =ROUND(V27/$E27,2) -> 0 | W28: =ROUND(W27/$E27,2) -> 0 | X28: =ROUND(X27/$E27,2) -> 0 | Y28: =ROUND(Y27/$E27,2) -> 0 | Z28: =ROUND(Z27/$E27,2) -> 0 | AA28: =ROUND(AA27/$E27,2) -> 0 | AB28: =ROUND(AB27/$E27,2) -> 0 | ... CD28: =ROUND(CD27/$E27,2) -> 0 | CF28: =ROUND(CF27/$E27,2) -> 0 | CG28: =ROUND(CG27/$E27,2) -> 0 | CH28: =IF(C27="","",D27-SUM(G28:CG28)) -> 0 | CI28: =IF(C27="","",SUM(G28:CG28)) -> 120 | CJ28: =IF(C27="","",D27=CI28) -> TRUE
U29: =U27/$F27 -> 0 | V29: =V27/$F27 -> 0 | W29: =W27/$F27 -> 0 | X29: =X27/$F27 -> 0 | Y29: =Y27/$F27 -> 0 | Z29: =Z27/$F27 -> 0 | AA29: =AA27/$F27 -> 0 | AB29: =AB27/$F27 -> 0 | ... CD29: =CD27/$F27 -> 0 | CF29: =CF27/$F27 -> 0 | CG29: =CG27/$F27 -> 0 | CH29: =IF(C27="","",100%-SUM(G29:CG29)) -> 0 | CI29: =IF(C27="","",SUM(G29:CG29)) -> 1 | CJ29: =IF(C27="","",SUM(G29:CG29)=CI29) -> TRUE
A30: 1.2 | B30: EXCAVACIONES Y RELLENOS | F30: =SUM(F31:F63) -> 2156954915 | G30: =G31+G34+G37+G40+G43+G46+G49+G52+G55+G58+G61 -> 0 | H30: =H31+H34+H37+H40+H43+H46+H49+H52+H55+H58+H61 -> 0 | I30: =I31+I34+I37+I40+I43+I46+I49+I52+I55+I58+I61 -> 0 | J30: =J31+J34+J37+J40+J43+J46+J49+J52+J55+J58+J61 -> 0 | K30: =K31+K34+K37+K40+K43+K46+K49+K52+K55+K58+K61 -> 0 | L30: =L31+L34+L37+L40+L43+L46+L49+L52+L55+L58+L61 -> 0 | M30: =M31+M34+M37+M40+M43+M46+M49+M52+M55+M58+M61 -> 0 | N30: =N31+N34+N37+N40+N43+N46+N49+N52+N55+N58+N61 -> 0 | ... CG30: =CG31+CG34+CG37+CG40+CG43+CG46+CG49+CG52+CG55+CG58+CG61 -> 0 | CH30: =F30-SUM(G30:CG30) -> 0 | CI30: =IF(C30="","",SUM(G30:CG30)) | CJ30: =IF(C30="","",F30=CI30)
A31: 1.2.1 | B31: DESCAPOTE MECANICO. INCLUYE TRASIEGO INTERNO. NO INCLUYE CARGUE Y RETIRO A ZONA FINAL DE DISPOSICIÓN PROFUNDIDAD MAXIMA 30 CM | C31: M2 | D31: 41456.73 | E31: 1329 | F31: =ROUND(E31*D31,0) -> 55095994 | AF31: =ROUND($F$31/3,0) -> 18365331 | AG31: =ROUND($F$31/3,0) -> 18365331 | AH31: =ROUNDUP($F$31/3,0) -> 18365332 | CH31: =IF(C31="","",F31-SUM(G31:CG31)) -> 0 | CI31: =IF(C31="","",SUM(G31:CG31)) -> 55095994 | CJ31: =IF(C31="","",F31=CI31) -> TRUE
AF32: =ROUND(AF31/$E31,2) -> 13818.91 | AG32: =ROUND(AG31/$E31,2) -> 13818.91 | AH32: =ROUND(AH31/$E31,2) -> 13818.91 | AI32: =ROUNDUP(AI31/$E31,2) -> 0 | AJ32: =ROUND(AJ31/$E31,2) -> 0 | AK32: =ROUND(AK31/$E31,2) -> 0 | AL32: =ROUND(AL31/$E31,2) -> 0 | AM32: =ROUND(AM31/$E31,2) -> 0 | AN32: =ROUND(AN31/$E31,2) -> 0 | AO32: =ROUND(AO31/$E31,2) -> 0 | AP32: =ROUND(AP31/$E31,2) -> 0 | AQ32: =ROUND(AQ31/$E31,2) -> 0 | ... CD32: =ROUND(CD31/$E31,2) -> 0 | CF32: =ROUND(CF31/$E31,2) -> 0 | CG32: =ROUND(CG31/$E31,2) -> 0 | CH32: =IF(C31="","",D31-SUM(G32:CG32)) -> 7.2759576e-12 | CI32: =IF(C31="","",SUM(G32:CG32)) -> 41456.73 | CJ32: =IF(C31="","",D31=CI32) -> TRUE
AF33: =AF31/$F31 -> 0.33333333 | AG33: =AG31/$F31 -> 0.33333333 | AH33: =AH31/$F31 -> 0.33333335 | AI33: =AI31/$F31 -> 0 | AJ33: =AJ31/$F31 -> 0 | AK33: =AK31/$F31 -> 0 | AL33: =AL31/$F31 -> 0 | AM33: =AM31/$F31 -> 0 | ... CD33: =CD31/$F31 -> 0 | CF33: =CF31/$F31 -> 0 | CG33: =CG31/$F31 -> 0 | CH33: =IF(C31="","",100%-SUM(G33:CG33)) -> 0 | CI33: =IF(C31="","",SUM(G33:CG33)) -> 1 | CJ33: =IF(C31="","",SUM(G33:CG33)=CI33) -> TRUE
A34: 1.2.2 | B34: EXCAVACIÓN MANUAL H MAX = 2,00 M EN MATERIAL COMÚN. INCLUYE TRASIEGO INTERNO. NO INCLUYE CARGUE Y RETIRO A ZONA FINAL DE DISPOSICIÓN | C34: M3 | D34: 6844.8 | E34: 25537 | F34: =ROUND(E34*D34,0) -> 174795658 | AI34: =ROUND($F$34/(3+3+14),0) -> 8739783 | AJ34: =ROUND($F$34/(3+3+14),0) -> 8739783 | AK34: =ROUND($F$34/(3+3+14),0) -> 8739783 | AX34: =ROUND($F$34/(3+3+14),0) -> 8739783 | AY34: =ROUND($F$34/(3+3+14),0) -> 8739783 | AZ34: =ROUND($F$34/(3+3+14),0) -> 8739783 | BD34: =ROUND($F$34/(3+3+14),0) -> 8739783 | BE34: =ROUND($F$34/(3+3+14),0) -> 8739783 | BF34: =ROUND($F$34/(3+3+14),0) -> 8739783 | BG34: =ROUND($F$34/(3+3+14),0) -> 8739783 | BH34: =ROUND($F$34/(3+3+14),0) -> 8739783 | BI34: =ROUND($F$34/(3+3+14),0) -> 8739783 | BJ34: =ROUND($F$34/(3+3+14),0) -> 8739783 | BK34: =ROUND($F$34/(3+3+14),0) -> 8739783 | ... BO34: =ROUND($F$34/(3+3+14),0) -> 8739783 | BP34: =ROUNDDOWN($F$34/(3+3+14),0) -> 8739782 | BQ34: =ROUNDDOWN($F$34/(3+3+14),0) -> 8739782 | CH34: =IF(C34="","",F34-SUM(G34:CG34)) -> 0 | CI34: =IF(C34="","",SUM(G34:CG34)) -> 174795658 | CJ34: =IF(C34="","",F34=CI34) -> TRUE
AF35: =ROUNDDOWN(AF34/$E34,2) -> 0 | AG35: =ROUND(AG34/$E34,2) -> 0 | AH35: =ROUND(AH34/$E34,2) -> 0 | AI35: =ROUND(AI34/$E34,2) -> 342.24 | AJ35: =ROUND(AJ34/$E34,2) -> 342.24 | AK35: =ROUND(AK34/$E34,2) -> 342.24 | AL35: =ROUND(AL34/$E34,2) -> 0 | AM35: =ROUND(AM34/$E34,2) -> 0 | AN35: =ROUND(AN34/$E34,2) -> 0 | ... CD35: =ROUND(CD34/$E34,2) -> 0 | CF35: =ROUND(CF34/$E34,2) -> 0 | CG35: =ROUND(CG34/$E34,2) -> 0 | CH35: =IF(C34="","",D34-SUM(G35:CG35)) -> 2.7284841e-12 | CI35: =IF(C34="","",SUM(G35:CG35)) -> 6844.8 | CJ35: =IF(C34="","",D34=CI35) -> TRUE
AF36: =AF34/$F34 -> 0 | AG36: =AG34/$F34 -> 0 | AH36: =AH34/$F34 -> 0 | AI36: =AI34/$F34 -> 0.050000001 | AJ36: =AJ34/$F34 -> 0.050000001 | AK36: =AK34/$F34 -> 0.050000001 | AL36: =AL34/$F34 -> 0 | AM36: =AM34/$F34 -> 0 | ... CD36: =CD34/$F34 -> 0 | CF36: =CF34/$F34 -> 0 | CG36: =CG34/$F34 -> 0 | CH36: =IF(C34="","",100%-SUM(G36:CG36)) -> -4.4408921e-16 | CI36: =IF(C34="","",SUM(G36:CG36)) -> 1 | CJ36: =IF(C34="","",SUM(G36:CG36)=CI36) -> TRUE
A37: 1.2.3 | B37: EXCAVACIÓN MECÁNICA EN MATERIAL COMÚN. INCLUYE TRASIEGO INTERNO. NO INCLUYE CARGUE Y RETIRO A ZONA FINAL DE DISPOSICIÓN | C37: M3 | D37: 17458.34 | E37: 9345 | F37: =ROUND(E37*D37,0) -> 163148187 | AG37: =ROUND($F$37/7,0) -> 23306884 | AH37: =ROUND($F$37/7,0) -> 23306884 | AI37: =ROUND($F$37/7,0) -> 23306884 | AW37: =ROUND($F$37/7,0) -> 23306884 | AX37: =ROUND($F$37/7,0) -> 23306884 | BD37: =ROUND($F$37/7,0) -> 23306884 | BE37: =ROUNDDOWN($F$37/7,0) -> 23306883 | CH37: =IF(C37="","",F37-SUM(G37:CG37)) -> 0 | CI37: =IF(C37="","",SUM(G37:CG37)) -> 163148187 | CJ37: =IF(C37="","",F37=CI37) -> TRUE
AF38: =ROUNDDOWN(AF37/$E37,2) -> 0 | AG38: =ROUND(AG37/$E37,2) -> 2494.05 | AH38: =ROUND(AH37/$E37,2) -> 2494.05 | AI38: =ROUND(AI37/$E37,2) -> 2494.05 | AJ38: =ROUND(AJ37/$E37,2) -> 0 | AK38: =ROUND(AK37/$E37,2) -> 0 | AL38: =ROUND(AL37/$E37,2) -> 0 | AM38: =ROUND(AM37/$E37,2) -> 0 | AN38: =ROUND(AN37/$E37,2) -> 0 | ... BC38: =ROUND(BC37/$E37,2) -> 0 | BD38: =ROUNDDOWN(BD37/$E37,2) -> 2494.04 | BE38: =ROUND(BE37/$E37,2) -> 2494.05 | BF38: =ROUND(BF37/$E37,2) -> 0 | BG38: =ROUND(BG37/$E37,2) -> 0 | BH38: =ROUND(BH37/$E37,2) -> 0 | BI38: =ROUND(BI37/$E37,2) -> 0 | BJ38: =ROUND(BJ37/$E37,2) -> 0 | BK38: =ROUND(BK37/$E37,2) -> 0 | BL38: =ROUND(BL37/$E37,2) -> 0 | ... CD38: =ROUND(CD37/$E37,2) -> 0 | CF38: =ROUND(CF37/$E37,2) -> 0 | CG38: =ROUND(CG37/$E37,2) -> 0 | CH38: =IF(C37="","",D37-SUM(G38:CG38)) -> 0 | CI38: =IF(C37="","",SUM(G38:CG38)) -> 17458.34 | CJ38: =IF(C37="","",D37=CI38) -> TRUE
AF39: =AF37/$F37 -> 0 | AG39: =AG37/$F37 -> 0.14285714 | AH39: =AH37/$F37 -> 0.14285714 | AI39: =AI37/$F37 -> 0.14285714 | AJ39: =AJ37/$F37 -> 0 | AK39: =AK37/$F37 -> 0 | AL39: =AL37/$F37 -> 0 | AM39: =AM37/$F37 -> 0 | ... CD39: =CD37/$F37 -> 0 | CF39: =CF37/$F37 -> 0 | CG39: =CG37/$F37 -> 0 | CH39: =IF(C37="","",100%-SUM(G39:CG39)) -> 0 | CI39: =IF(C37="","",SUM(G39:CG39)) -> 1 | CJ39: =IF(C37="","",SUM(G39:CG39)=CI39) -> TRUE
A40: 1.2.4 | B40: SUMINISTRO E INSTALACIÓN RELLENO CON RECEBO COMÚN. INCLUYE COMPACTACIÓN | C40: M3 | D40: 15.85 | E40: 153062 | F40: =ROUND(E40*D40,0) -> 2426033 | BF40: =ROUND($F$40/4,0) -> 606508 | BG40: =ROUND($F$40/4,0) -> 606508 | BH40: =ROUNDDOWN($F$40/4,0) -> 606508 | BI40: =ROUNDUP($F$40/4,0) -> 606509 | CH40: =IF(C40="","",F40-SUM(G40:CG40)) -> 0 | CI40: =IF(C40="","",SUM(G40:CG40)) -> 2426033 | CJ40: =IF(C40="","",F40=CI40) -> TRUE
AF41: =ROUND(AF40/$E40,2) -> 0 | AG41: =ROUND(AG40/$E40,2) -> 0 | AH41: =ROUND(AH40/$E40,2) -> 0 | AI41: =ROUND(AI40/$E40,2) -> 0 | AJ41: =ROUND(AJ40/$E40,2) -> 0 | AK41: =ROUND(AK40/$E40,2) -> 0 | AL41: =ROUND(AL40/$E40,2) -> 0 | AM41: =ROUND(AM40/$E40,2) -> 0 | ... BH41: =ROUND(BH40/$E40,2) -> 3.96 | BI41: =ROUNDUP(BI40/$E40,2) -> 3.97 | BJ41: =ROUND(BJ40/$E40,2) -> 0 | BK41: =ROUND(BK40/$E40,2) -> 0 | BL41: =ROUND(BL40/$E40,2) -> 0 | BM41: =ROUND(BM40/$E40,2) -> 0 | BN41: =ROUND(BN40/$E40,2) -> 0 | BO41: =ROUND(BO40/$E40,2) -> 0 | BP41: =ROUND(BP40/$E40,2) -> 0 | BQ41: =ROUND(BQ40/$E40,2) -> 0 | ... CG41: =ROUND(CG40/$E40,2) -> 0 | CH41: =IF(C40="","",D40-SUM(G41:CG41)) -> 1.7763568e-15 | CI41: =IF(C40="","",SUM(G41:CG41)) -> 15.85 | CJ41: =IF(C40="","",D40=CI41) -> TRUE
AF42: =AF40/$F40 -> 0 | AG42: =AG40/$F40 -> 0 | AH42: =AH40/$F40 -> 0 | AI42: =AI40/$F40 -> 0 | AJ42: =AJ40/$F40 -> 0 | AK42: =AK40/$F40 -> 0 | AL42: =AL40/$F40 -> 0 | AM42: =AM40/$F40 -> 0 | ... CG42: =CG40/$F40 -> 0 | CH42: =IF(C40="","",100%-SUM(G42:CG42)) -> 0 | CI42: =IF(C40="","",SUM(G42:CG42)) -> 1 | CJ42: =IF(C40="","",SUM(G42:CG42)=CI42) -> TRUE
A43: 1.2.5 | B43: SUMINISTRO E INSTALACIÓN DE RELLENO CON MATERIAL PROVENIENTE DE LA EXCAVACIÓN | C43: M3 | D43: 3784.93 | E43: 30869 | F43: =ROUND(E43*D43,0) -> 116837004 | AX43: =ROUND($F$43/(16),0) -> 7302313 | AY43: =ROUND($F$43/(16),0) -> 7302313 | BF43: =ROUND($F$43/(16),0) -> 7302313 | BG43: =ROUND($F$43/(16),0) -> 7302313 | BH43: =ROUND($F$43/(16),0) -> 7302313 | BI43: =ROUND($F$43/(16),0) -> 7302313 | BJ43: =ROUND($F$43/(16),0) -> 7302313 | BK43: =ROUND($F$43/(16),0) -> 7302313 | BL43: =ROUND($F$43/(16),0) -> 7302313 | BM43: =ROUND($F$43/(16),0) -> 7302313 | ... BO43: =ROUND($F$43/(16),0) -> 7302313 | BP43: =ROUNDDOWN($F$43/(16),0) -> 7302312 | BQ43: =ROUNDDOWN($F$43/(16),0) -> 7302312 | BR43: =ROUNDDOWN($F$43/(16),0) -> 7302312 | BS43: =ROUNDDOWN($F$43/(16),0) -> 7302312 | CH43: =IF(C43="","",F43-SUM(G43:CG43)) -> 0 | CI43: =IF(C43="","",SUM(G43:CG43)) -> 116837004 | CJ43: =IF(C43="","",F43=CI43) -> TRUE
AF44: =ROUND(AF43/$E43,2) -> 0 | AG44: =ROUND(AG43/$E43,2) -> 0 | AH44: =ROUND(AH43/$E43,2) -> 0 | AI44: =ROUND(AI43/$E43,2) -> 0 | AJ44: =ROUND(AJ43/$E43,2) -> 0 | AK44: =ROUND(AK43/$E43,2) -> 0 | AL44: =ROUND(AL43/$E43,2) -> 0 | AM44: =ROUND(AM43/$E43,2) -> 0 | AN44: =ROUND(AN43/$E43,2) -> 0 | AO44: =ROUNDDOWN(AO43/$E43,2) -> 0 | AP44: =ROUNDDOWN(AP43/$E43,2) -> 0 | AQ44: =ROUNDDOWN(AQ43/$E43,2) -> 0 | AR44: =ROUND(AR43/$E43,2) -> 0 | AS44: =ROUND(AS43/$E43,2) -> 0 | AT44: =ROUND(AT43/$E43,2) -> 0 | AU44: =ROUND(AU43/$E43,2) -> 0 | AV44: =ROUND(AV43/$E43,2) -> 0 | AW44: =ROUND(AW43/$E43,2) -> 0 | AX44: =ROUND(AX43/$E43,2) -> 236.56 | AY44: =ROUND(AY43/$E43,2) -> 236.56 | ... BP44: =ROUND(BP43/$E43,2) -> 236.56 | BQ44: =ROUNDDOWN(BQ43/$E43,2) -> 236.55 | BR44: =ROUNDDOWN(BR43/$E43,2) -> 236.55 | BS44: =ROUNDDOWN(BS43/$E43,2) -> 236.55 | BT44: =ROUND(BT43/$E43,2) -> 0 | BU44: =ROUND(BU43/$E43,2) -> 0 | BV44: =ROUND(BV43/$E43,2) -> 0 | BW44: =ROUND(BW43/$E43,2) -> 0 | BX44: =ROUND(BX43/$E43,2) -> 0 | BY44: =ROUND(BY43/$E43,2) -> 0 | BZ44: =ROUND(BZ43/$E43,2) -> 0 | CA44: =ROUND(CA43/$E43,2) -> 0 | ... CG44: =ROUND(CG43/$E43,2) -> 0 | CH44: =IF(C43="","",D43-SUM(G44:CG44)) -> -4.5474735e-13 | CI44: =IF(C43="","",SUM(G44:CG44)) -> 3784.93 | CJ44: =IF(C43="","",D43=CI44) -> TRUE
AF45: =AF43/$F43 -> 0 | AG45: =AG43/$F43 -> 0 | AH45: =AH43/$F43 -> 0 | AI45: =AI43/$F43 -> 0 | AJ45: =AJ43/$F43 -> 0 | AK45: =AK43/$F43 -> 0 | AL45: =AL43/$F43 -> 0 | AM45: =AM43/$F43 -> 0 | ... CD45: =CD43/$F43 -> 0 | CF45: =CF43/$F43 -> 0 | CG45: =CG43/$F43 -> 0 | CH45: =IF(C43="","",100%-SUM(G45:CG45)) -> 0 | CI45: =IF(C43="","",SUM(G45:CG45)) -> 1 | CJ45: =IF(C43="","",SUM(G45:CG45)=CI45) -> TRUE
A46: 1.2.6 | B46: SUMINISTRO E INSTALACIÓN DE RELLENO CON ARENA PARA REDES HIDROSANITARIAS | C46: M3 | D46: 1475.35 | E46: 264937 | F46: =ROUND(E46*D46,0) -> 390874803 | AL46: =ROUND($F$46/(16),0) -> 24429675 | AM46: =ROUND($F$46/(16),0) -> 24429675 | BE46: =ROUND($F$46/(16),0) -> 24429675 | BF46: =ROUND($F$46/(16),0) -> 24429675 | BG46: =ROUND($F$46/(16),0) -> 24429675 | BH46: =ROUND($F$46/(16),0) -> 24429675 | BI46: =ROUND($F$46/(16),0) -> 24429675 | BJ46: =ROUND($F$46/(16),0) -> 24429675 | BK46: =ROUND($F$46/(16),0) -> 24429675 | BL46: =ROUND($F$46/(16),0) -> 24429675 | ... BO46: =ROUND($F$46/(16),0) -> 24429675 | BP46: =ROUNDUP($F$46/(16),0) -> 24429676 | BQ46: =ROUNDUP($F$46/(16),0) -> 24429676 | BR46: =ROUNDUP($F$46/(16),0) -> 24429676 | CH46: =IF(C46="","",F46-SUM(G46:CG46)) -> 0 | CI46: =IF(C46="","",SUM(G46:CG46)) -> 390874803 | CJ46: =IF(C46="","",F46=CI46) -> TRUE
AF47: =ROUNDDOWN(AF46/$E46,2) -> 0 | AG47: =ROUNDDOWN(AG46/$E46,2) -> 0 | AH47: =ROUNDDOWN(AH46/$E46,2) -> 0 | AI47: =ROUND(AI46/$E46,2) -> 0 | AJ47: =ROUNDDOWN(AJ46/$E46,2) -> 0 | AK47: =ROUND(AK46/$E46,2) -> 0 | AL47: =ROUND(AL46/$E46,2) -> 92.21 | AM47: =ROUND(AM46/$E46,2) -> 92.21 | AN47: =ROUND(AN46/$E46,2) -> 0 | AO47: =ROUND(AO46/$E46,2) -> 0 | AP47: =ROUND(AP46/$E46,2) -> 0 | AQ47: =ROUND(AQ46/$E46,2) -> 0 | AR47: =ROUND(AR46/$E46,2) -> 0 | ... BQ47: =ROUND(BQ46/$E46,2) -> 92.21 | BR47: =ROUNDDOWN(BR46/$E46,2) -> 92.2 | BS47: =ROUND(BS46/$E46,2) -> 0 | BT47: =ROUND(BT46/$E46,2) -> 0 | BU47: =ROUND(BU46/$E46,2) -> 0 | BV47: =ROUND(BV46/$E46,2) -> 0 | BW47: =ROUND(BW46/$E46,2) -> 0 | BX47: =ROUND(BX46/$E46,2) -> 0 | BY47: =ROUND(BY46/$E46,2) -> 0 | BZ47: =ROUND(BZ46/$E46,2) -> 0 | ... CD47: =ROUND(CD46/$E46,2) -> 0 | CF47: =ROUND(CF46/$E46,2) -> 0 | CG47: =ROUND(CG46/$E46,2) -> 0 | CH47: =IF(C46="","",D46-SUM(G47:CG47)) -> -4.5474735e-13 | CI47: =IF(C46="","",SUM(G47:CG47)) -> 1475.35 | CJ47: =IF(C46="","",D46=CI47) -> TRUE
AF48: =AF46/$F46 -> 0 | AG48: =AG46/$F46 -> 0 | AH48: =AH46/$F46 -> 0 | AI48: =AI46/$F46 -> 0 | AJ48: =AJ46/$F46 -> 0 | AK48: =AK46/$F46 -> 0 | AL48: =AL46/$F46 -> 0.0625 | AM48: =AM46/$F46 -> 0.0625 | ... CD48: =CD46/$F46 -> 0 | CF48: =CF46/$F46 -> 0 | CG48: =CG46/$F46 -> 0 | CH48: =IF(C46="","",100%-SUM(G48:CG48)) -> 2.220446e-16 | CI48: =IF(C46="","",SUM(G48:CG48)) -> 1 | CJ48: =IF(C46="","",SUM(G48:CG48)=CI48) -> TRUE
A49: 1.2.7 | B49: TRANSPORTE Y DISPOSICIÓN DE MATERIAL PROVENIENTE DE LA EXCAVACIÓN | C49: M3 | D49: 6991.39 | E49: 42287 | F49: =ROUND(E49*D49,0) -> 295644909 | AL49: =ROUND($F$49/6,0) -> 49274152 | AM49: =ROUND($F$49/6,0) -> 49274152 | AZ49: =ROUND($F$49/6,0) -> 49274152 | BA49: =ROUNDDOWN($F$49/6,0) -> 49274151 | BI49: =ROUNDDOWN($F$49/6,0) -> 49274151 | BJ49: =ROUNDDOWN($F$49/6,0) -> 49274151 | CH49: =IF(C49="","",F49-SUM(G49:CG49)) -> 0 | CI49: =IF(C49="","",SUM(G49:CG49)) -> 295644909 | CJ49: =IF(C49="","",F49=CI49) -> TRUE
AF50: =ROUND(AF49/$E49,2) -> 0 | AG50: =ROUND(AG49/$E49,2) -> 0 | AH50: =ROUND(AH49/$E49,2) -> 0 | AI50: =ROUND(AI49/$E49,2) -> 0 | AJ50: =ROUND(AJ49/$E49,2) -> 0 | AK50: =ROUND(AK49/$E49,2) -> 0 | AL50: =ROUND(AL49/$E49,2) -> 1165.23 | AM50: =ROUND(AM49/$E49,2) -> 1165.23 | AQ50: =ROUND(AQ49/$E49,2) -> 0 | AR50: =ROUND(AR49/$E49,2) -> 0 | AS50: =ROUND(AS49/$E49,2) -> 0 | AT50: =ROUND(AT49/$E49,2) -> 0 | AU50: =ROUND(AU49/$E49,2) -> 0 | AV50: =ROUND(AV49/$E49,2) -> 0 | AW50: =ROUND(AW49/$E49,2) -> 0 | AX50: =ROUND(AX49/$E49,2) -> 0 | AY50: =ROUND(AY49/$E49,2) -> 0 | AZ50: =ROUNDUP(AZ49/$E49,2) -> 1165.24 | BA50: =ROUND(BA49/$E49,2) -> 1165.23 | BB50: =ROUND(BB49/$E49,2) -> 0 | BC50: =ROUND(BC49/$E49,2) -> 0 | BD50: =ROUND(BD49/$E49,2) -> 0 | BE50: =ROUND(BE49/$E49,2) -> 0 | BF50: =ROUND(BF49/$E49,2) -> 0 | BG50: =ROUND(BG49/$E49,2) -> 0 | BH50: =ROUND(BH49/$E49,2) -> 0 | ... BN50: =ROUND(BN49/$E49,2) -> 0 | BO50: =ROUNDUP(BO49/$E49,2) -> 0 | BP50: =ROUNDUP(BP49/$E49,2) -> 0 | BQ50: =ROUNDUP(BQ49/$E49,2) -> 0 | BR50: =ROUND(BR49/$E49,2) -> 0 | BS50: =ROUND(BS49/$E49,2) -> 0 | BT50: =ROUND(BT49/$E49,2) -> 0 | BU50: =ROUND(BU49/$E49,2) -> 0 | BV50: =ROUND(BV49/$E49,2) -> 0 | BW50: =ROUND(BW49/$E49,2) -> 0 | BX50: =ROUND(BX49/$E49,2) -> 0 | BY50: =ROUND(BY49/$E49,2) -> 0 | ... CD50: =ROUND(CD49/$E49,2) -> 0 | CF50: =ROUND(CF49/$E49,2) -> 0 | CG50: =ROUND(CG49/$E49,2) -> 0 | CH50: =IF(C49="","",D49-SUM(G50:CG50)) -> 9.094947e-13 | CI50: =IF(C49="","",SUM(G50:CG50)) -> 6991.39 | CJ50: =IF(C49="","",D49=CI50) -> TRUE
AF51: =AF49/$F49 -> 0 | AG51: =AG49/$F49 -> 0 | AH51: =AH49/$F49 -> 0 | AI51: =AI49/$F49 -> 0 | AJ51: =AJ49/$F49 -> 0 | AK51: =AK49/$F49 -> 0 | AL51: =AL49/$F49 -> 0.16666667 | AM51: =AM49/$F49 -> 0.16666667 | AQ51: =AQ49/$F49 -> 0 | AR51: =AR49/$F49 -> 0 | AS51: =AS49/$F49 -> 0 | AT51: =AT49/$F49 -> 0 | AU51: =AU49/$F49 -> 0 | AV51: =AV49/$F49 -> 0 | AW51: =AW49/$F49 -> 0 | AX51: =AX49/$F49 -> 0 | ... CD51: =CD49/$F49 -> 0 | CF51: =CF49/$F49 -> 0 | CG51: =CG49/$F49 -> 0 | CH51: =IF(C49="","",100%-SUM(G51:CG51)) -> 0 | CI51: =IF(C49="","",SUM(G51:CG51)) -> 1 | CJ51: =IF(C49="","",SUM(G51:CG51)=CI51) -> TRUE
A52: 1.2.8 | B52: NIVELACION Y CONFORMACION TALUDES | C52: M3 | D52: 1089.56 | E52: 15419 | F52: =ROUND(E52*D52,0) -> 16799926 | AU52: =ROUND($F$52/4,0) -> 4199982 | AV52: =ROUND($F$52/4,0) -> 4199982 | AW52: =ROUNDDOWN($F$52/4,0) -> 4199981 | AX52: =ROUNDDOWN($F$52/4,0) -> 4199981 | CH52: =IF(C52="","",F52-SUM(G52:CG52)) -> 0 | CI52: =IF(C52="","",SUM(G52:CG52)) -> 16799926 | CJ52: =IF(C52="","",F52=CI52) -> TRUE
AF53: =ROUND(AF52/$E52,2) -> 0 | AG53: =ROUND(AG52/$E52,2) -> 0 | AH53: =ROUND(AH52/$E52,2) -> 0 | AI53: =ROUND(AI52/$E52,2) -> 0 | AJ53: =ROUND(AJ52/$E52,2) -> 0 | AK53: =ROUND(AK52/$E52,2) -> 0 | AL53: =ROUND(AL52/$E52,2) -> 0 | AM53: =ROUND(AM52/$E52,2) -> 0 | ... CD53: =ROUND(CD52/$E52,2) -> 0 | CF53: =ROUND(CF52/$E52,2) -> 0 | CG53: =ROUND(CG52/$E52,2) -> 0 | CH53: =IF(C52="","",D52-SUM(G53:CG53)) -> 0 | CI53: =IF(C52="","",SUM(G53:CG53)) -> 1089.56 | CJ53: =IF(C52="","",D52=CI53) -> TRUE
AF54: =AF52/$F52 -> 0 | AG54: =AG52/$F52 -> 0 | AH54: =AH52/$F52 -> 0 | AI54: =AI52/$F52 -> 0 | AJ54: =AJ52/$F52 -> 0 | AK54: =AK52/$F52 -> 0 | AL54: =AL52/$F52 -> 0 | AM54: =AM52/$F52 -> 0 | ... CD54: =CD52/$F52 -> 0 | CF54: =CF52/$F52 -> 0 | CG54: =CG52/$F52 -> 0 | CH54: =IF(C52="","",100%-SUM(G54:CG54)) -> 0 | CI54: =IF(C52="","",SUM(G54:CG54)) -> 1 | CJ54: =IF(C52="","",SUM(G54:CG54)=CI54) -> TRUE
A55: 1.2.9 | B55: SUMINISTRO E INSTALACIÓN DE RELLENO TIPO SUBBASE GRANULAR | C55: M3 | D55: 1730.1 | E55: 186077 | F55: =ROUND(E55*D55,0) -> 321931818 | BG55: =ROUND($F$55/6,0) -> 53655303 | BH55: =ROUND($F$55/6,0) -> 53655303 | BI55: =ROUND($F$55/6,0) -> 53655303 | BJ55: =ROUND($F$55/6,0) -> 53655303 | BK55: =ROUND($F$55/6,0) -> 53655303 | BL55: =ROUND($F$55/6,0) -> 53655303 | CH55: =IF(C55="","",F55-SUM(G55:CG55)) -> 0 | CI55: =IF(C55="","",SUM(G55:CG55)) -> 321931818 | CJ55: =IF(C55="","",F55=CI55) -> TRUE
AF56: =ROUND(AF55/$E55,2) -> 0 | AG56: =ROUND(AG55/$E55,2) -> 0 | AH56: =ROUND(AH55/$E55,2) -> 0 | AI56: =ROUND(AI55/$E55,2) -> 0 | AJ56: =ROUND(AJ55/$E55,2) -> 0 | AK56: =ROUND(AK55/$E55,2) -> 0 | AL56: =ROUND(AL55/$E55,2) -> 0 | AM56: =ROUND(AM55/$E55,2) -> 0 | ... AR56: =ROUND(AR55/$E55,2) -> 0 | AS56: =ROUNDUP(AS55/$E55,2) -> 0 | AT56: =ROUNDUP(AT55/$E55,2) -> 0 | AU56: =ROUNDUP(AU55/$E55,2) -> 0 | AV56: =ROUND(AV55/$E55,2) -> 0 | AW56: =ROUND(AW55/$E55,2) -> 0 | AX56: =ROUNDUP(AX55/$E55,2) -> 0 | AY56: =ROUND(AY55/$E55,2) -> 0 | AZ56: =ROUND(AZ55/$E55,2) -> 0 | BA56: =ROUND(BA55/$E55,2) -> 0 | BB56: =ROUND(BB55/$E55,2) -> 0 | BC56: =ROUND(BC55/$E55,2) -> 0 | BD56: =ROUND(BD55/$E55,2) -> 0 | BE56: =ROUND(BE55/$E55,2) -> 0 | BF56: =ROUND(BF55/$E55,2) -> 0 | ... CD56: =ROUND(CD55/$E55,2) -> 0 | CF56: =ROUND(CF55/$E55,2) -> 0 | CG56: =ROUND(CG55/$E55,2) -> 0 | CH56: =IF(C55="","",D55-SUM(G56:CG56)) -> 0 | CI56: =IF(C55="","",SUM(G56:CG56)) -> 1730.1 | CJ56: =IF(C55="","",D55=CI56) -> TRUE
AF57: =AF55/$F55 -> 0 | AG57: =AG55/$F55 -> 0 | AH57: =AH55/$F55 -> 0 | AI57: =AI55/$F55 -> 0 | AJ57: =AJ55/$F55 -> 0 | AK57: =AK55/$F55 -> 0 | AL57: =AL55/$F55 -> 0 | AM57: =AM55/$F55 -> 0 | ... CD57: =CD55/$F55 -> 0 | CF57: =CF55/$F55 -> 0 | CG57: =CG55/$F55 -> 0 | CH57: =IF(C55="","",100%-SUM(G57:CG57)) -> 1.110223e-16 | CI57: =IF(C55="","",SUM(G57:CG57)) -> 1 | CJ57: =IF(C55="","",SUM(G57:CG57)=CI57) -> TRUE
A58: 1.2.10 | B58: SUMINISTRO E INSTALACIÓN DE RELLENO TIPO BASE GRANULAR | C58: M3 | D58: 2511.14 | E58: 206176 | F58: =ROUND(E58*D58,0) -> 517736801 | AN58: =ROUND($F$58/10,0) -> 51773680 | AO58: =ROUND($F$58/10,0) -> 51773680 | AP58: =ROUND($F$58/10,0) -> 51773680 | AQ58: =ROUND($F$58/10,0) -> 51773680 | BH58: =ROUND($F$58/10,0) -> 51773680 | BI58: =ROUNDDOWN($F$58/10,0) -> 51773680 | BJ58: =ROUNDDOWN($F$58/10,0) -> 51773680 | BK58: =ROUNDDOWN($F$58/10,0) -> 51773680 | BL58: =ROUNDDOWN($F$58/10,0) -> 51773680 | BM58: =ROUNDUP($F$58/10,0) -> 51773681 | CH58: =IF(C58="","",F58-SUM(G58:CG58)) -> 0 | CI58: =IF(C58="","",SUM(G58:CG58)) -> 517736801 | CJ58: =IF(C58="","",F58=CI58) -> TRUE
AF59: =ROUND(AF58/$E58,2) -> 0 | AG59: =ROUND(AG58/$E58,2) -> 0 | AH59: =ROUND(AH58/$E58,2) -> 0 | AK59: =ROUND(AK58/$E58,2) -> 0 | AL59: =ROUND(AL58/$E58,2) -> 0 | AM59: =ROUND(AM58/$E58,2) -> 0 | AN59: =ROUND(AN58/$E58,2) -> 251.11 | AO59: =ROUND(AO58/$E58,2) -> 251.11 | AP59: =ROUND(AP58/$E58,2) -> 251.11 | AQ59: =ROUND(AQ58/$E58,2) -> 251.11 | AR59: =ROUND(AR58/$E58,2) -> 0 | ... AT59: =ROUND(AT58/$E58,2) -> 0 | AU59: =ROUNDUP(AU58/$E58,2) -> 0 | AV59: =ROUND(AV58/$E58,2) -> 0 | AW59: =ROUNDUP(AW58/$E58,2) -> 0 | AX59: =ROUNDUP(AX58/$E58,2) -> 0 | AY59: =ROUNDUP(AY58/$E58,2) -> 0 | AZ59: =ROUND(AZ58/$E58,2) -> 0 | BA59: =ROUNDUP(BA58/$E58,2) -> 0 | BB59: =ROUNDUP(BB58/$E58,2) -> 0 | BC59: =ROUNDUP(BC58/$E58,2) -> 0 | BD59: =ROUNDUP(BD58/$E58,2) -> 0 | BE59: =ROUND(BE58/$E58,2) -> 0 | BF59: =ROUNDUP(BF58/$E58,2) -> 0 | BG59: =ROUNDUP(BG58/$E58,2) -> 0 | BH59: =ROUND(BH58/$E58,2) -> 251.11 | BI59: =ROUND(BI58/$E58,2) -> 251.11 | BJ59: =ROUNDUP(BJ58/$E58,2) -> 251.12 | BK59: =ROUNDUP(BK58/$E58,2) -> 251.12 | BL59: =ROUNDUP(BL58/$E58,2) -> 251.12 | BM59: =ROUNDUP(BM58/$E58,2) -> 251.12 | BN59: =ROUND(BN58/$E58,2) -> 0 | BO59: =ROUND(BO58/$E58,2) -> 0 | BP59: =ROUND(BP58/$E58,2) -> 0 | BQ59: =ROUND(BQ58/$E58,2) -> 0 | BR59: =ROUND(BR58/$E58,2) -> 0 | BS59: =ROUND(BS58/$E58,2) -> 0 | BT59: =ROUND(BT58/$E58,2) -> 0 | BU59: =ROUND(BU58/$E58,2) -> 0 | ... CD59: =ROUND(CD58/$E58,2) -> 0 | CF59: =ROUND(CF58/$E58,2) -> 0 | CG59: =ROUND(CG58/$E58,2) -> 0 | CH59: =IF(C58="","",D58-SUM(G59:CG59)) -> 0 | CI59: =IF(C58="","",SUM(G59:CG59)) -> 2511.14 | CJ59: =IF(C58="","",D58=CI59) -> TRUE
AF60: =AF58/$F58 -> 0 | AG60: =AG58/$F58 -> 0 | AH60: =AH58/$F58 -> 0 | AK60: =AK58/$F58 -> 0 | AL60: =AL58/$F58 -> 0 | AM60: =AM58/$F58 -> 0 | AN60: =AN58/$F58 -> 0.1 | AO60: =AO58/$F58 -> 0.1 | AP60: =AP58/$F58 -> 0.1 | AQ60: =AQ58/$F58 -> 0.1 | AR60: =AR58/$F58 -> 0 | ... CD60: =CD58/$F58 -> 0 | CF60: =CF58/$F58 -> 0 | CG60: =CG58/$F58 -> 0 | CH60: =IF(C58="","",100%-SUM(G60:CG60)) -> 0 | CI60: =IF(C58="","",SUM(G60:CG60)) -> 1 | CJ60: =IF(C58="","",SUM(G60:CG60)=CI60) -> TRUE
A61: 1.2.11 | B61: GEOTEXTIL TEJIDO T2400 | C61: M2 | D61: 12022.68 | E61: 8456 | F61: =ROUND(E61*D61,0) -> 101663782 | AM61: =ROUND($F$61/6,0) -> 16943964 | AN61: =ROUND($F$61/6,0) -> 16943964 | AO61: =ROUND($F$61/6,0) -> 16943964 | AY61: =ROUND($F$61/6,0) -> 16943964 | AZ61: =ROUNDDOWN($F$61/6,0) -> 16943963 | BA61: =ROUNDDOWN($F$61/6,0) -> 16943963 | CH61: =IF(C61="","",F61-SUM(G61:CG61)) -> 0 | CI61: =IF(C61="","",SUM(G61:CG61)) -> 101663782 | CJ61: =IF(C61="","",F61=CI61) -> TRUE
AF62: =ROUND(AF61/$E61,2) -> 0 | AG62: =ROUND(AG61/$E61,2) -> 0 | AH62: =ROUND(AH61/$E61,2) -> 0 | AI62: =ROUND(AI61/$E61,2) -> 0 | AJ62: =ROUND(AJ61/$E61,2) -> 0 | AK62: =ROUND(AK61/$E61,2) -> 0 | AL62: =ROUND(AL61/$E61,2) -> 0 | AM62: =ROUND(AM61/$E61,2) -> 2003.78 | ... AZ62: =ROUND(AZ61/$E61,2) -> 2003.78 | BA62: =ROUNDUP(BA61/$E61,2) -> 2003.78 | BB62: =ROUNDUP(BB61/$E61,2) -> 0 | BC62: =ROUNDUP(BC61/$E61,2) -> 0 | BD62: =ROUNDUP(BD61/$E61,2) -> 0 | BG62: =ROUND(BG61/$E61,2) -> 0 | BH62: =ROUND(BH61/$E61,2) -> 0 | BI62: =ROUND(BI61/$E61,2) -> 0 | BJ62: =ROUND(BJ61/$E61,2) -> 0 | BK62: =ROUND(BK61/$E61,2) -> 0 | BL62: =ROUND(BL61/$E61,2) -> 0 | BM62: =ROUND(BM61/$E61,2) -> 0 | BN62: =ROUND(BN61/$E61,2) -> 0 | ... CD62: =ROUND(CD61/$E61,2) -> 0 | CF62: =ROUND(CF61/$E61,2) -> 0 | CG62: =ROUND(CG61/$E61,2) -> 0 | CH62: =IF(C61="","",D61-SUM(G62:CG62)) -> 0 | CI62: =IF(C61="","",SUM(G62:CG62)) -> 12022.68 | CJ62: =IF(C61="","",D61=CI62) -> TRUE
AF63: =AF61/$F61 -> 0 | AG63: =AG61/$F61 -> 0 | AH63: =AH61/$F61 -> 0 | AI63: =AI61/$F61 -> 0 | AJ63: =AJ61/$F61 -> 0 | AK63: =AK61/$F61 -> 0 | AL63: =AL61/$F61 -> 0 | AM63: =AM61/$F61 -> 0.16666667 | ... BD63: =BD61/$F61 -> 0 | BG63: =BG61/$F61 -> 0 | BH63: =BH61/$F61 -> 0 | BI63: =BI61/$F61 -> 0 | BJ63: =BJ61/$F61 -> 0 | BK63: =BK61/$F61 -> 0 | BL63: =BL61/$F61 -> 0 | BM63: =BM61/$F61 -> 0 | BN63: =BN61/$F61 -> 0 | ... CD63: =CD61/$F61 -> 0 | CF63: =CF61/$F61 -> 0 | CG63: =CG61/$F61 -> 0 | CH63: =IF(C61="","",100%-SUM(G63:CG63)) -> 0 | CI63: =IF(C61="","",SUM(G63:CG63)) -> 1 | CJ63: =IF(C61="","",SUM(G63:CG63)=CI63) -> TRUE
A64: 1.3 | B64: DEMOLICIONES | F64: =SUM(F65:F76) -> 71753491 | G64: =G65+G68+G71+G74 -> 0 | H64: =H65+H68+H71+H74 -> 0 | I64: =I65+I68+I71+I74 -> 0 | J64: =J65+J68+J71+J74 -> 0 | K64: =K65+K68+K71+K74 -> 0 | L64: =L65+L68+L71+L74 -> 0 | M64: =M65+M68+M71+M74 -> 0 | N64: =N65+N68+N71+N74 -> 0 | ... CG64: =CG65+CG68+CG71+CG74 -> 0 | CH64: =F64-SUM(G64:CG64) -> 0 | CI64: =IF(C64="","",SUM(G64:CG64)) | CJ64: =IF(C64="","",F64=CI64)
A65: 1.3.1 | B65: DEMOLICIÓN MURO CERRAMIENTO EN MAMPOSTERÍA CON ESTRUCTURA EN CONCRETO, ANCHO MÁXIMO 20 CM. INCLUYE DEMOLICIÓN DE COLUMNAS, VIGA CINTA Y VIGA DE CIMENTACIÓN. INCLUYE TRASIEGO INTERNO. NO INCLUYE RETIRO NI DISPOSICIÓN A BOTADERO | C65: M2 | D65: 1540.72 | E65: 36170 | F65: =ROUND(E65*D65,0) -> 55727842 | AF65: =ROUND($F$65/4,0) -> 13931961 | AG65: =ROUND($F$65/4,0) -> 13931961 | AH65: =ROUNDDOWN($F$65/4,0) -> 13931960 | AI65: =ROUNDDOWN($F$65/4,0) -> 13931960 | CH65: =IF(C65="","",F65-SUM(G65:CG65)) -> 0 | CI65: =IF(C65="","",SUM(G65:CG65)) -> 55727842 | CJ65: =IF(C65="","",F65=CI65) -> TRUE
U66: =ROUND(U65/$E65,2) -> 0 | AA66: =ROUND(AA65/$E65,2) -> 0 | AB66: =ROUND(AB65/$E65,2) -> 0 | AC66: =ROUND(AC65/$E65,2) -> 0 | AD66: =ROUND(AD65/$E65,2) -> 0 | AE66: =ROUND(AE65/$E65,2) -> 0 | AF66: =ROUND(AF65/$E65,2) -> 385.18 | AG66: =ROUND(AG65/$E65,2) -> 385.18 | AH66: =ROUND(AH65/$E65,2) -> 385.18 | ... CD66: =ROUND(CD65/$E65,2) -> 0 | CF66: =ROUND(CF65/$E65,2) -> 0 | CG66: =ROUND(CG65/$E65,2) -> 0 | CH66: =IF(C65="","",D65-SUM(G66:CG66)) -> 0 | CI66: =IF(C65="","",SUM(G66:CG66)) -> 1540.72 | CJ66: =IF(C65="","",D65=CI66) -> TRUE
U67: =U65/$F65 -> 0 | AA67: =AA65/$F65 -> 0 | AB67: =AB65/$F65 -> 0 | AC67: =AC65/$F65 -> 0 | AD67: =AD65/$F65 -> 0 | AE67: =AE65/$F65 -> 0 | AF67: =AF65/$F65 -> 0.25000001 | AG67: =AG65/$F65 -> 0.25000001 | AH67: =AH65/$F65 -> 0.24999999 | ... CD67: =CD65/$F65 -> 0 | CF67: =CF65/$F65 -> 0 | CG67: =CG65/$F65 -> 0 | CH67: =IF(C65="","",100%-SUM(G67:CG67)) -> 0 | CI67: =IF(C65="","",SUM(G67:CG67)) -> 1 | CJ67: =IF(C65="","",SUM(G67:CG67)=CI67) -> TRUE
A68: 1.3.2 | B68: DEMOLICIÓN DE CONCRETO PARA PILETA | C68: M3 | D68: 28.19 | E68: 103214 | F68: =ROUND(E68*D68,0) -> 2909603 | AF68: =ROUND($F$68/4,0) -> 727401 | AG68: =ROUND($F$68/4,0) -> 727401 | AH68: =ROUND($F$68/4,0) -> 727401 | AI68: =ROUNDDOWN($F$68/4,0) -> 727400 | CH68: =IF(C68="","",F68-SUM(G68:CG68)) -> 0 | CI68: =IF(C68="","",SUM(G68:CG68)) -> 2909603 | CJ68: =IF(C68="","",F68=CI68) -> TRUE
U69: =ROUND(U68/$E68,2) -> 0 | AA69: =ROUND(AA68/$E68,2) -> 0 | AB69: =ROUND(AB68/$E68,2) -> 0 | AC69: =ROUND(AC68/$E68,2) -> 0 | AD69: =ROUND(AD68/$E68,2) -> 0 | AE69: =ROUND(AE68/$E68,2) -> 0 | AF69: =ROUND(AF68/$E68,2) -> 7.05 | AG69: =ROUND(AG68/$E68,2) -> 7.05 | AH69: =ROUND(AH68/$E68,2) -> 7.05 | AI69: =ROUNDDOWN(AI68/$E68,2) -> 7.04 | AJ69: =ROUND(AJ68/$E68,2) -> 0 | AK69: =ROUND(AK68/$E68,2) -> 0 | AL69: =ROUND(AL68/$E68,2) -> 0 | AM69: =ROUND(AM68/$E68,2) -> 0 | AN69: =ROUND(AN68/$E68,2) -> 0 | AO69: =ROUND(AO68/$E68,2) -> 0 | AP69: =ROUND(AP68/$E68,2) -> 0 | AQ69: =ROUND(AQ68/$E68,2) -> 0 | ... CD69: =ROUND(CD68/$E68,2) -> 0 | CF69: =ROUND(CF68/$E68,2) -> 0 | CH69: =IF(C68="","",D68-SUM(G69:CG69)) -> 3.5527137e-15 | CI69: =IF(C68="","",SUM(G69:CG69)) -> 28.19 | CJ69: =IF(C68="","",D68=CI69) -> TRUE
U70: =U68/$F68 -> 0 | AA70: =AA68/$F68 -> 0 | AB70: =AB68/$F68 -> 0 | AC70: =AC68/$F68 -> 0 | AD70: =AD68/$F68 -> 0 | AE70: =AE68/$F68 -> 0 | AF70: =AF68/$F68 -> 0.25000009 | AG70: =AG68/$F68 -> 0.25000009 | AH70: =AH68/$F68 -> 0.25000009 | ... CD70: =CD68/$F68 -> 0 | CF70: =CF68/$F68 -> 0 | CG70: =CG68/$F68 -> 0 | CH70: =IF(C68="","",100%-SUM(G70:CG70)) -> 0 | CI70: =IF(C68="","",SUM(G70:CG70)) -> 1 | CJ70: =IF(C68="","",SUM(G70:CG70)=CI70) -> TRUE
A71: 1.3.3 | B71: TRANSPORTE Y DISPOSICIÓN DE MATERIAL PROVENIENTE DE DEMOLICIONES | C71: M3 | D71: 269.21 | E71: 42287 | F71: =ROUND(E71*D71,0) -> 11384083 | AI71: =ROUND($F$71/2,0) -> 5692042 | AJ71: =ROUNDDOWN($F$71/2,0) -> 5692041 | CH71: =IF(C71="","",F71-SUM(G71:CG71)) -> 0 | CI71: =IF(C71="","",SUM(G71:CG71)) -> 11384083 | CJ71: =IF(C71="","",F71=CI71) -> TRUE
U72: =ROUND(U71/$E71,2) -> 0 | AA72: =ROUND(AA71/$E71,2) -> 0 | AB72: =ROUND(AB71/$E71,2) -> 0 | AC72: =ROUND(AC71/$E71,2) -> 0 | AD72: =ROUND(AD71/$E71,2) -> 0 | AE72: =ROUND(AE71/$E71,2) -> 0 | AF72: =ROUND(AF71/$E71,2) -> 0 | AG72: =ROUND(AG71/$E71,2) -> 0 | AH72: =ROUND(AH71/$E71,2) -> 0 | ... CD72: =ROUND(CD71/$E71,2) -> 0 | CF72: =ROUND(CF71/$E71,2) -> 0 | CG72: =ROUND(CG71/$E71,2) -> 0 | CH72: =IF(C71="","",D71-SUM(G72:CG72)) -> -5.6843419e-14 | CI72: =IF(C71="","",SUM(G72:CG72)) -> 269.21 | CJ72: =IF(C71="","",D71=CI72) -> TRUE
U73: =U71/$F71 -> 0 | AA73: =AA71/$F71 -> 0 | AB73: =AB71/$F71 -> 0 | AC73: =AC71/$F71 -> 0 | AD73: =AD71/$F71 -> 0 | AE73: =AE71/$F71 -> 0 | AF73: =AF71/$F71 -> 0 | AG73: =AG71/$F71 -> 0 | AH73: =AH71/$F71 -> 0 | ... CD73: =CD71/$F71 -> 0 | CF73: =CF71/$F71 -> 0 | CG73: =CG71/$F71 -> 0 | CH73: =IF(C71="","",100%-SUM(G73:CG73)) -> 0 | CI73: =IF(C71="","",SUM(G73:CG73)) -> 1 | CJ73: =IF(C71="","",SUM(G73:CG73)=CI73) -> TRUE
A74: 1.3.4 | B74: DESMONTAJE DE CERRAMIENTO EN ALAMBRE DE PÚAS | C74: ML | D74: 652.34 | E74: 2655 | F74: =ROUND(E74*D74,0) -> 1731963 | AF74: =ROUND($F$74/4,0) -> 432991 | AG74: =ROUND($F$74/4,0) -> 432991 | AH74: =ROUND($F$74/4,0) -> 432991 | AI74: =ROUNDDOWN($F$74/4,0) -> 432990 | CH74: =IF(C74="","",F74-SUM(G74:CG74)) -> 0 | CI74: =IF(C74="","",SUM(G74:CG74)) -> 1731963 | CJ74: =IF(C74="","",F74=CI74) -> TRUE
U75: =ROUND(U74/$E74,2) -> 0 | AA75: =ROUND(AA74/$E74,2) -> 0 | AB75: =ROUND(AB74/$E74,2) -> 0 | AC75: =ROUND(AC74/$E74,2) -> 0 | AD75: =ROUND(AD74/$E74,2) -> 0 | AE75: =ROUND(AE74/$E74,2) -> 0 | AF75: =ROUND(AF74/$E74,2) -> 163.09 | AG75: =ROUND(AG74/$E74,2) -> 163.09 | AH75: =ROUNDDOWN(AH74/$E74,2) -> 163.08 | AI75: =ROUNDDOWN(AI74/$E74,2) -> 163.08 | AJ75: =ROUND(AJ74/$E74,2) -> 0 | AK75: =ROUND(AK74/$E74,2) -> 0 | AL75: =ROUND(AL74/$E74,2) -> 0 | AM75: =ROUND(AM74/$E74,2) -> 0 | AN75: =ROUND(AN74/$E74,2) -> 0 | AO75: =ROUND(AO74/$E74,2) -> 0 | AP75: =ROUND(AP74/$E74,2) -> 0 | AQ75: =ROUND(AQ74/$E74,2) -> 0 | ... CD75: =ROUND(CD74/$E74,2) -> 0 | CF75: =ROUND(CF74/$E74,2) -> 0 | CG75: =ROUND(CG74/$E74,2) -> 0 | CH75: =IF(C74="","",D74-SUM(G75:CG75)) -> 0 | CI75: =IF(C74="","",SUM(G75:CG75)) -> 652.34 | CJ75: =IF(C74="","",D74=CI75) -> TRUE
U76: =U74/$F74 -> 0 | AA76: =AA74/$F74 -> 0 | AB76: =AB74/$F74 -> 0 | AC76: =AC74/$F74 -> 0 | AD76: =AD74/$F74 -> 0 | AE76: =AE74/$F74 -> 0 | AF76: =AF74/$F74 -> 0.25000014 | AG76: =AG74/$F74 -> 0.25000014 | AH76: =AH74/$F74 -> 0.25000014 | ... CD76: =CD74/$F74 -> 0 | CF76: =CF74/$F74 -> 0 | CG76: =CG74/$F74 -> 0 | CH76: =IF(C74="","",100%-SUM(G76:CG76)) -> -2.220446e-16 | CI76: =IF(C74="","",SUM(G76:CG76)) -> 1 | CJ76: =IF(C74="","",SUM(G76:CG76)=CI76) -> TRUE
A77: 2 | B77: ESTRUCTURA | CH77: =IF(C77="","",F77-SUM(G77:CG77)) | CI77: =IF(C77="","",SUM(G77:CG77)) | CJ77: =IF(C77="","",F77=CI77)
A78: 2.1 | B78: CIMENTACIÓN | F78: =SUM(F79:F96) -> 1989345684 | G78: =G79+G82+G85+G88+G91+G94 -> 0 | H78: =H79+H82+H85+H88+H91+H94 -> 0 | I78: =I79+I82+I85+I88+I91+I94 -> 0 | J78: =J79+J82+J85+J88+J91+J94 -> 0 | K78: =K79+K82+K85+K88+K91+K94 -> 0 | L78: =L79+L82+L85+L88+L91+L94 -> 0 | M78: =M79+M82+M85+M88+M91+M94 -> 0 | N78: =N79+N82+N85+N88+N91+N94 -> 0 | ... CG78: =CG79+CG82+CG85+CG88+CG91+CG94 -> 0 | CH78: =F78-SUM(G78:CG78) -> 0 | CI78: =IF(C78="","",SUM(G78:CG78)) | CJ78: =IF(C78="","",F78=CI78)
A79: 2.1.1 | B79: SUMINISTRO E INSTALACION DE CAPA DE SOLADO DE LIMPIEZA DE CONCRETO DE 2000 PSI ESPESOR DE 5CM | C79: M2 | D79: 792.5 | E79: 30915 | F79: =ROUND(E79*D79,0) -> 24500138 | AS79: =ROUND($F$79/3,0) -> 8166713 | AT79: =ROUND($F$79/3,0) -> 8166713 | AU79: =ROUNDDOWN($F$79/3,0) -> 8166712 | CH79: =IF(C79="","",F79-SUM(G79:CG79)) -> 0 | CI79: =IF(C79="","",SUM(G79:CG79)) -> 24500138 | CJ79: =IF(C79="","",F79=CI79) -> TRUE
AS80: =ROUND(AS79/$E79,2) -> 264.17 | AT80: =ROUND(AT79/$E79,2) -> 264.17 | AU80: =ROUNDDOWN(AU79/$E79,2) -> 264.16 | AV80: =ROUND(AV79/$E79,2) -> 0 | AW80: =ROUND(AW79/$E79,2) -> 0 | CH80: =IF(C79="","",D79-SUM(G80:CG80)) -> 0 | CI80: =IF(C79="","",SUM(G80:CG80)) -> 792.5 | CJ80: =IF(C79="","",D79=CI80) -> TRUE
AS81: =AS79/$F79 -> 0.33333335 | AT81: =AT79/$F79 -> 0.33333335 | AU81: =AU79/$F79 -> 0.33333331 | AV81: =AV79/$F79 -> 0 | AW81: =AW79/$F79 -> 0 | CH81: =IF(C79="","",100%-SUM(G81:CG81)) -> 0 | CI81: =IF(C79="","",SUM(G81:CG81)) -> 1 | CJ81: =IF(C79="","",SUM(G81:CG81)=CI81) -> TRUE
A82: 2.1.2 | B82: SUMINISTRO E INSTALACIÓN DE CONCRETO 4000 PSI PARA ZAPATAS (INCLUYE FORMALETA, VIBRADO Y DESMOLDEANTE. NO INCLUYE ACERO) | C82: M3 | D82: 158.2 | E82: 1076062 | F82: =ROUND(E82*D82,0) -> 170233008 | AU82: =ROUND($F$82/4,0) -> 42558252 | AV82: =ROUND($F$82/4,0) -> 42558252 | AW82: =ROUND($F$82/4,0) -> 42558252 | AX82: =ROUND($F$82/4,0) -> 42558252 | CH82: =IF(C82="","",F82-SUM(G82:CG82)) -> 0 | CI82: =IF(C82="","",SUM(G82:CG82)) -> 170233008 | CJ82: =IF(C82="","",F82=CI82) -> TRUE
AU83: =ROUND(AU82/$E82,2) -> 39.55 | AV83: =ROUND(AV82/$E82,2) -> 39.55 | AW83: =ROUND(AW82/$E82,2) -> 39.55 | AX83: =ROUND(AX82/$E82,2) -> 39.55 | AY83: =ROUND(AY82/$E82,2) -> 0 | CH83: =IF(C82="","",D82-SUM(G83:CG83)) -> 0 | CI83: =IF(C82="","",SUM(G83:CG83)) -> 158.2 | CJ83: =IF(C82="","",D82=CI83) -> TRUE
AU84: =AU82/$F82 -> 0.25 | AV84: =AV82/$F82 -> 0.25 | AW84: =AW82/$F82 -> 0.25 | AX84: =AX82/$F82 -> 0.25 | AY84: =AY82/$F82 -> 0 | CH84: =IF(C82="","",100%-SUM(G84:CG84)) -> 0 | CI84: =IF(C82="","",SUM(G84:CG84)) -> 1 | CJ84: =IF(C82="","",SUM(G84:CG84)=CI84) -> TRUE
A85: 2.1.3 | B85: SUMINISTRO E INSTALACIÓN DE CONCRETO DE 4000 PSI PARA VIGAS DE CIMENTACIÓN (INCLUYE FORMALETA, VIBRADO, CURADO Y DESMOLDEANTE. NO INCLUYE ACERO) | C85: M3 | D85: 158.8 | E85: 1111751 | F85: =ROUND(E85*D85,0) -> 176546059 | AW85: =ROUND($F$85/5,0) -> 35309212 | AX85: =ROUND($F$85/5,0) -> 35309212 | AY85: =ROUND($F$85/5,0) -> 35309212 | AZ85: =ROUND($F$85/5,0) -> 35309212 | BA85: =ROUNDDOWN($F$85/5,0) -> 35309211 | CH85: =IF(C85="","",F85-SUM(G85:CG85)) -> 0 | CI85: =IF(C85="","",SUM(G85:CG85)) -> 176546059 | CJ85: =IF(C85="","",F85=CI85) -> TRUE
AW86: =ROUND(AW85/$E85,2) -> 31.76 | AX86: =ROUND(AX85/$E85,2) -> 31.76 | AY86: =ROUND(AY85/$E85,2) -> 31.76 | AZ86: =ROUND(AZ85/$E85,2) -> 31.76 | BA86: =ROUND(BA85/$E85,2) -> 31.76 | BB86: =ROUNDDOWN(BB85/$E85,2) -> 0 | BC86: =ROUNDDOWN(BC85/$E85,2) -> 0 | CH86: =IF(C85="","",D85-SUM(G86:CG86)) -> 0 | CI86: =IF(C85="","",SUM(G86:CG86)) -> 158.8 | CJ86: =IF(C85="","",D85=CI86) -> TRUE
AW87: =AW85/$F85 -> 0.2 | AX87: =AX85/$F85 -> 0.2 | AY87: =AY85/$F85 -> 0.2 | AZ87: =AZ85/$F85 -> 0.2 | BA87: =BA85/$F85 -> 0.2 | BB87: =BB85/$F85 -> 0 | BC87: =BC85/$F85 -> 0 | CH87: =IF(C85="","",100%-SUM(G87:CG87)) -> 0 | CI87: =IF(C85="","",SUM(G87:CG87)) -> 1 | CJ87: =IF(C85="","",SUM(G87:CG87)=CI87) -> TRUE
A88: 2.1.4 | B88: SUMINISTRO E INSTALACIÓN DE CONCRETO DE 3000 PSI PARA PLACA DE CONTRAPISO (INCLUYE FORMALETA, VIBRADO, CURADO Y DESMOLDEANTE. NO INCLUYE ACERO) | C88: M3 | D88: 576.7 | E88: 1033191 | F88: =ROUND(E88*D88,0) -> 595841250 | BA88: =ROUND($F$88/4,0) -> 148960313 | BB88: =ROUND($F$88/4,0) -> 148960313 | BC88: =ROUNDDOWN($F$88/4,0) -> 148960312 | BD88: =ROUNDDOWN($F$88/4,0) -> 148960312 | CH88: =IF(C88="","",F88-SUM(G88:CG88)) -> 0 | CI88: =IF(C88="","",SUM(G88:CG88)) -> 595841250 | CJ88: =IF(C88="","",F88=CI88) -> TRUE
BA89: =ROUND(BA88/$E88,2) -> 144.18 | BB89: =ROUND(BB88/$E88,2) -> 144.18 | BC89: =ROUNDDOWN(BC88/$E88,2) -> 144.17 | BD89: =ROUNDDOWN(BD88/$E88,2) -> 144.17 | CH89: =IF(C88="","",D88-SUM(G89:CG89)) -> 1.1368684e-13 | CI89: =IF(C88="","",SUM(G89:CG89)) -> 576.7 | CJ89: =IF(C88="","",D88=CI89) -> TRUE
BA90: =BA88/$F88 -> 0.25 | BB90: =BB88/$F88 -> 0.25 | BC90: =BC88/$F88 -> 0.25 | BD90: =BD88/$F88 -> 0.25 | CH90: =IF(C88="","",100%-SUM(G90:CG90)) -> 0 | CI90: =IF(C88="","",SUM(G90:CG90)) -> 1 | CJ90: =IF(C88="","",SUM(G90:CG90)=CI90) -> TRUE
A91: 2.1.5 | B91: SUMINISTRO E INSTALACIÓN DE ACERO DE REFUERZO FY 60000 PSI PARA CIMENTACIÓN | C91: KG | D91: 114755.99 | E91: 6018 | F91: =ROUND(E91*D91,0) -> 690601548 | AL91: =ROUND($F$91/(5+9),0) -> 49328682 | AM91: =ROUND($F$91/(5+9),0) -> 49328682 | AN91: =ROUND($F$91/(5+9),0) -> 49328682 | AO91: =ROUND($F$91/(5+9),0) -> 49328682 | AP91: =ROUND($F$91/(5+9),0) -> 49328682 | AS91: =ROUND($F$91/(5+9),0) -> 49328682 | AT91: =ROUND($F$91/(5+9),0) -> 49328682 | AU91: =ROUND($F$91/(5+9),0) -> 49328682 | AV91: =ROUND($F$91/(5+9),0) -> 49328682 | AW91: =ROUND($F$91/(5+9),0) -> 49328682 | AX91: =ROUNDDOWN($F$91/(5+9),0) -> 49328682 | AY91: =ROUNDDOWN($F$91/(5+9),0) -> 49328682 | AZ91: =ROUNDDOWN($F$91/(5+9),0) -> 49328682 | BA91: =ROUNDDOWN($F$91/(5+9),0) -> 49328682 | CH91: =IF(C91="","",F91-SUM(G91:CG91)) -> 0 | CI91: =IF(C91="","",SUM(G91:CG91)) -> 690601548 | CJ91: =IF(C91="","",F91=CI91) -> TRUE
AL92: =ROUND(AL91/$E91,2) -> 8196.86 | AM92: =ROUND(AM91/$E91,2) -> 8196.86 | AN92: =ROUND(AN91/$E91,2) -> 8196.86 | AO92: =ROUND(AO91/$E91,2) -> 8196.86 | AP92: =ROUND(AP91/$E91,2) -> 8196.86 | AS92: =ROUND(AS91/$E91,2) -> 8196.86 | AT92: =ROUND(AT91/$E91,2) -> 8196.86 | AU92: =ROUND(AU91/$E91,2) -> 8196.86 | AV92: =ROUND(AV91/$E91,2) -> 8196.86 | AW92: =ROUNDDOWN(AW91/$E91,2) -> 8196.85 | AX92: =ROUNDDOWN(AX91/$E91,2) -> 8196.85 | AY92: =ROUNDDOWN(AY91/$E91,2) -> 8196.85 | AZ92: =ROUNDDOWN(AZ91/$E91,2) -> 8196.85 | BA92: =ROUNDDOWN(BA91/$E91,2) -> 8196.85 | BB92: =ROUNDDOWN(BB91/$E91,2) -> 0 | CH92: =IF(C91="","",D91-SUM(G92:CG92)) -> -2.910383e-11 | CI92: =IF(C91="","",SUM(G92:CG92)) -> 114755.99 | CJ92: =IF(C91="","",D91=CI92) -> TRUE
AL93: =AL91/$F91 -> 0.071428571 | AM93: =AM91/$F91 -> 0.071428571 | AN93: =AN91/$F91 -> 0.071428571 | AO93: =AO91/$F91 -> 0.071428571 | AP93: =AP91/$F91 -> 0.071428571 | AS93: =AS91/$F91 -> 0.071428571 | AT93: =AT91/$F91 -> 0.071428571 | AU93: =AU91/$F91 -> 0.071428571 | AV93: =AV91/$F91 -> 0.071428571 | AW93: =AW91/$F91 -> 0.071428571 | AX93: =AX91/$F91 -> 0.071428571 | AY93: =AY91/$F91 -> 0.071428571 | AZ93: =AZ91/$F91 -> 0.071428571 | ... BB93: =BB91/$F91 -> 0 | CH93: =IF(C91="","",100%-SUM(G93:CG93)) -> 3.3306691e-16 | CI93: =IF(C91="","",SUM(G93:CG93)) -> 1 | CJ93: =IF(C91="","",SUM(G93:CG93)=CI93) -> TRUE
A94: 2.1.6 | B94: SUMINISTRO E INSTALACIÓN DE MALLA ELECTROSOLDADA ESTANDAR | C94: KG | D94: 36518.41 | E94: 9081 | F94: =ROUND(E94*D94,0) -> 331623681 | AL94: =ROUND($F$94/(6+5),0) -> 30147607 | AM94: =ROUND($F$94/(6+5),0) -> 30147607 | AN94: =ROUND($F$94/(6+5),0) -> 30147607 | AO94: =ROUND($F$94/(6+5),0) -> 30147607 | AP94: =ROUND($F$94/(6+5),0) -> 30147607 | AX94: =ROUND($F$94/(6+5),0) -> 30147607 | AY94: =ROUND($F$94/(6+5),0) -> 30147607 | AZ94: =ROUNDUP($F$94/(6+5),0) -> 30147608 | BA94: =ROUNDUP($F$94/(6+5),0) -> 30147608 | BB94: =ROUNDUP($F$94/(6+5),0) -> 30147608 | BC94: =ROUNDUP($F$94/(6+5),0) -> 30147608 | CH94: =IF(C94="","",F94-SUM(G94:CG94)) -> 0 | CI94: =IF(C94="","",SUM(G94:CG94)) -> 331623681 | CJ94: =IF(C94="","",F94=CI94) -> TRUE
AL95: =ROUND(AL94/$E94,2) -> 3319.86 | AM95: =ROUND(AM94/$E94,2) -> 3319.86 | AN95: =ROUND(AN94/$E94,2) -> 3319.86 | AO95: =ROUND(AO94/$E94,2) -> 3319.86 | AP95: =ROUND(AP94/$E94,2) -> 3319.86 | AS95: =ROUND(AS94/$E94,2) -> 0 | AT95: =ROUND(AT94/$E94,2) -> 0 | AU95: =ROUND(AU94/$E94,2) -> 0 | AV95: =ROUND(AV94/$E94,2) -> 0 | AW95: =ROUND(AW94/$E94,2) -> 0 | AX95: =ROUND(AX94/$E94,2) -> 3319.86 | AY95: =ROUNDDOWN(AY94/$E94,2) -> 3319.85 | AZ95: =ROUNDDOWN(AZ94/$E94,2) -> 3319.85 | BA95: =ROUNDDOWN(BA94/$E94,2) -> 3319.85 | BB95: =ROUNDDOWN(BB94/$E94,2) -> 3319.85 | BC95: =ROUNDDOWN(BC94/$E94,2) -> 3319.85 | BD95: =ROUNDDOWN(BD94/$E94,2) -> 0 | CH95: =IF(C94="","",D94-SUM(G95:CG95)) -> 7.2759576e-12 | CI95: =IF(C94="","",SUM(G95:CG95)) -> 36518.41 | CJ95: =IF(C94="","",D94=CI95) -> TRUE
AL96: =AL94/$F94 -> 0.09090909 | AM96: =AM94/$F94 -> 0.09090909 | AN96: =AN94/$F94 -> 0.09090909 | AO96: =AO94/$F94 -> 0.09090909 | AP96: =AP94/$F94 -> 0.09090909 | AX96: =AX94/$F94 -> 0.09090909 | AY96: =AY94/$F94 -> 0.09090909 | AZ96: =AZ94/$F94 -> 0.090909093 | BA96: =BA94/$F94 -> 0.090909093 | BB96: =BB94/$F94 -> 0.090909093 | BC96: =BC94/$F94 -> 0.090909093 | BD96: =BD94/$F94 -> 0 | CH96: =IF(C94="","",100%-SUM(G96:CG96)) -> 0 | CI96: =IF(C94="","",SUM(G96:CG96)) -> 1 | CJ96: =IF(C94="","",SUM(G96:CG96)=CI96) -> TRUE
A97: 2.2 | B97: ELEMENTOS ESTRUCTURALES | F97: =SUM(F98:F118) -> 9721374256 | G97: =G98+G101+G104+G107+G110+G113+G116 -> 0 | H97: =H98+H101+H104+H107+H110+H113+H116 -> 0 | I97: =I98+I101+I104+I107+I110+I113+I116 -> 0 | J97: =J98+J101+J104+J107+J110+J113+J116 -> 0 | K97: =K98+K101+K104+K107+K110+K113+K116 -> 0 | L97: =L98+L101+L104+L107+L110+L113+L116 -> 0 | M97: =M98+M101+M104+M107+M110+M113+M116 -> 0 | N97: =N98+N101+N104+N107+N110+N113+N116 -> 0 | ... CG97: =CG98+CG101+CG104+CG107+CG110+CG113+CG116 -> 0 | CH97: =F97-SUM(G97:CG97) -> 0 | CI97: =IF(C97="","",SUM(G97:CG97)) | CJ97: =IF(C97="","",F97=CI97)
A98: 2.2.1 | B98: SUMINISTRO E INSTALACIÓN DE CONCRETO DE F'C=4.000 PSI PARA MUROS. (INCLUYE FORMALETA, VIBRADO Y DESMOLDEANTE. NO INCLUYE ACERO) | C98: M3 | D98: 233.3 | E98: 1264861 | F98: =ROUND(E98*D98,0) -> 295092071 | AU98: =ROUND($F$98/8,0) -> 36886509 | AV98: =ROUND($F$98/8,0) -> 36886509 | AW98: =ROUND($F$98/8,0) -> 36886509 | AX98: =ROUND($F$98/8,0) -> 36886509 | BD98: =ROUND($F$98/8,0) -> 36886509 | BE98: =ROUND($F$98/8,0) -> 36886509 | BF98: =ROUND($F$98/8,0) -> 36886509 | BG98: =ROUNDDOWN($F$98/8,0) -> 36886508 | CH98: =IF(C98="","",F98-SUM(G98:CG98)) -> 0 | CI98: =IF(C98="","",SUM(G98:CG98)) -> 295092071 | CJ98: =IF(C98="","",F98=CI98) -> TRUE
U99: =ROUNDDOWN(U98/$E98,2) -> 0 | V99: =ROUNDDOWN(V98/$E98,2) -> 0 | W99: =ROUNDDOWN(W98/$E98,2) -> 0 | X99: =ROUND(X98/$E98,2) -> 0 | Y99: =ROUNDDOWN(Y98/$E98,2) -> 0 | Z99: =ROUND(Z98/$E98,2) -> 0 | AA99: =ROUND(AA98/$E98,2) -> 0 | AB99: =ROUND(AB98/$E98,2) -> 0 | AC99: =ROUND(AC98/$E98,2) -> 0 | AD99: =ROUND(AD98/$E98,2) -> 0 | AE99: =ROUND(AE98/$E98,2) -> 0 | AF99: =ROUND(AF98/$E98,2) -> 0 | AG99: =ROUND(AG98/$E98,2) -> 0 | ... AT99: =ROUND(AT98/$E98,2) -> 0 | AU99: =ROUNDUP(AU98/$E98,2) -> 29.17 | AV99: =ROUNDUP(AV98/$E98,2) -> 29.17 | AW99: =ROUND(AW98/$E98,2) -> 29.16 | AX99: =ROUND(AX98/$E98,2) -> 29.16 | AY99: =ROUND(AY98/$E98,2) -> 0 | AZ99: =ROUND(AZ98/$E98,2) -> 0 | BA99: =ROUND(BA98/$E98,2) -> 0 | BB99: =ROUND(BB98/$E98,2) -> 0 | BC99: =ROUND(BC98/$E98,2) -> 0 | BD99: =ROUND(BD98/$E98,2) -> 29.16 | ... CD99: =ROUND(CD98/$E98,2) -> 0 | CF99: =ROUND(CF98/$E98,2) -> 0 | CG99: =ROUND(CG98/$E98,2) -> 0 | CH99: =IF(C98="","",D98-SUM(G99:CG99)) -> 2.8421709e-14 | CI99: =IF(C98="","",SUM(G99:CG99)) -> 233.3 | CJ99: =IF(C98="","",D98=CI99) -> TRUE
U100: =U98/$F98 -> 0 | V100: =V98/$F98 -> 0 | W100: =W98/$F98 -> 0 | X100: =X98/$F98 -> 0 | Y100: =Y98/$F98 -> 0 | Z100: =Z98/$F98 -> 0 | AA100: =AA98/$F98 -> 0 | AB100: =AB98/$F98 -> 0 | ... CD100: =CD98/$F98 -> 0 | CF100: =CF98/$F98 -> 0 | CG100: =CG98/$F98 -> 0 | CH100: =IF(C98="","",100%-SUM(G100:CG100)) -> 0 | CI100: =IF(C98="","",SUM(G100:CG100)) -> 1 | CJ100: =IF(C98="","",SUM(G100:CG100)=CI100) -> TRUE
A101: 2.2.2 | B101: SUMINISTRO E INSTALACIÓN DE CONCRETO DE F'C=4.000 PSI PARA COLUMNAS. (INCLUYE FORMALETA, VIBRADO Y DESMOLDEANTE. NO INCLUYE ACERO) | C101: M3 | D101: 221.7 | E101: 1238891 | F101: =ROUND(E101*D101,0) -> 274662135 | AU101: =ROUND($F$101/10,) -> 27466214 | AV101: =ROUND($F$101/10,) -> 27466214 | AW101: =ROUND($F$101/10,) -> 27466214 | AX101: =ROUND($F$101/10,) -> 27466214 | AY101: =ROUND($F$101/10,) -> 27466214 | BC101: =ROUNDDOWN($F$101/10,) -> 27466213 | BD101: =ROUNDDOWN($F$101/10,) -> 27466213 | BE101: =ROUNDDOWN($F$101/10,) -> 27466213 | BF101: =ROUNDDOWN($F$101/10,) -> 27466213 | BG101: =ROUNDDOWN($F$101/10,) -> 27466213 | CH101: =IF(C101="","",F101-SUM(G101:CG101)) -> 0 | CI101: =IF(C101="","",SUM(G101:CG101)) -> 274662135 | CJ101: =IF(C101="","",F101=CI101) -> TRUE
U102: =ROUNDUP(U101/$E101,2) -> 0 | V102: =ROUNDUP(V101/$E101,2) -> 0 | W102: =ROUNDUP(W101/$E101,2) -> 0 | X102: =ROUND(X101/$E101,2) -> 0 | Y102: =ROUND(Y101/$E101,2) -> 0 | Z102: =ROUND(Z101/$E101,2) -> 0 | AA102: =ROUND(AA101/$E101,2) -> 0 | AB102: =ROUND(AB101/$E101,2) -> 0 | AC102: =ROUND(AC101/$E101,2) -> 0 | AD102: =ROUND(AD101/$E101,2) -> 0 | AE102: =ROUND(AE101/$E101,2) -> 0 | ... CD102: =ROUND(CD101/$E101,2) -> 0 | CF102: =ROUND(CF101/$E101,2) -> 0 | CG102: =ROUND(CG101/$E101,2) -> 0 | CH102: =IF(C101="","",D101-SUM(G102:CG102)) -> -5.6843419e-14 | CI102: =IF(C101="","",SUM(G102:CG102)) -> 221.7 | CJ102: =IF(C101="","",D101=CI102) -> TRUE
U103: =U101/$F101 -> 0 | V103: =V101/$F101 -> 0 | W103: =W101/$F101 -> 0 | X103: =X101/$F101 -> 0 | Y103: =Y101/$F101 -> 0 | Z103: =Z101/$F101 -> 0 | AA103: =AA101/$F101 -> 0 | AB103: =AB101/$F101 -> 0 | ... CD103: =CD101/$F101 -> 0 | CF103: =CF101/$F101 -> 0 | CG103: =CG101/$F101 -> 0 | CH103: =IF(C101="","",100%-SUM(G103:CG103)) -> 0 | CI103: =IF(C101="","",SUM(G103:CG103)) -> 1 | CJ103: =IF(C101="","",SUM(G103:CG103)=CI103) -> TRUE
...

Sheet Hoja1
B2: a | C2: a | D2: a | E2: a | F2: a | G2: a | H2: A | I2: A
B3: 1.1.1 | C3: =IF(B3="","",VLOOKUP(B3,FF!$A$1:$D$2516,3,FALSE)) -> M2 | D3: =IF(C3="","",VLOOKUP(B3,FF!$A$1:$D$2516,4,FALSE)) -> 600 | E3: 600 | F3: =IF(C3="","",E3=D3) -> TRUE | G3: =IF(C3="","",VLOOKUP(B3,FF!$A$1:$F$2516,6,FALSE)) -> 82092600 | H3: 82092600 | I3: =IF(C3="","",H3=G3) -> TRUE
C4: =IF(B4="","",VLOOKUP(B4,FF!$A$1:$D$2516,3,FALSE)) | D4: =IF(C4="","",VLOOKUP(B4,FF!$A$1:$D$2516,4,FALSE)) | F4: =IF(C4="","",E4=D4) | G4: =IF(C4="","",VLOOKUP(B4,FF!$A$1:$F$2516,6,FALSE)) | I4: =IF(C4="","",H4=G4)
C5: =IF(B5="","",VLOOKUP(B5,FF!$A$1:$D$2516,3,FALSE)) | D5: =IF(C5="","",VLOOKUP(B5,FF!$A$1:$D$2516,4,FALSE)) | F5: =IF(C5="","",E5=D5) | G5: =IF(C5="","",VLOOKUP(B5,FF!$A$1:$F$2516,6,FALSE)) | I5: =IF(C5="","",H5=G5)
B6: 1.1.2 | C6: =IF(B6="","",VLOOKUP(B6,FF!$A$1:$D$2516,3,FALSE)) -> M2 | D6: =IF(C6="","",VLOOKUP(B6,FF!$A$1:$D$2516,4,FALSE)) -> 74076 | E6: 74076 | F6: =IF(C6="","",E6=D6) -> TRUE | G6: =IF(C6="","",VLOOKUP(B6,FF!$A$1:$F$2516,6,FALSE)) -> 297933672 | H6: 297933672 | I6: =IF(C6="","",H6=G6) -> TRUE
C7: =IF(B7="","",VLOOKUP(B7,FF!$A$1:$D$2516,3,FALSE)) | D7: =IF(C7="","",VLOOKUP(B7,FF!$A$1:$D$2516,4,FALSE)) | F7: =IF(C7="","",E7=D7) | G7: =IF(C7="","",VLOOKUP(B7,FF!$A$1:$F$2516,6,FALSE)) | I7: =IF(C7="","",H7=G7)
C8: =IF(B8="","",VLOOKUP(B8,FF!$A$1:$D$2516,3,FALSE)) | D8: =IF(C8="","",VLOOKUP(B8,FF!$A$1:$D$2516,4,FALSE)) | F8: =IF(C8="","",E8=D8) | G8: =IF(C8="","",VLOOKUP(B8,FF!$A$1:$F$2516,6,FALSE)) | I8: =IF(C8="","",H8=G8)
B9: 1.1.3 | C9: =IF(B9="","",VLOOKUP(B9,FF!$A$1:$D$2516,3,FALSE)) -> ML | D9: =IF(C9="","",VLOOKUP(B9,FF!$A$1:$D$2516,4,FALSE)) -> 756.22 | E9: 756.22 | F9: =IF(C9="","",E9=D9) -> TRUE | G9: =IF(C9="","",VLOOKUP(B9,FF!$A$1:$F$2516,6,FALSE)) -> 15034410 | H9: 15034410 | I9: =IF(C9="","",H9=G9) -> TRUE
C10: =IF(B10="","",VLOOKUP(B10,FF!$A$1:$D$2516,3,FALSE)) | D10: =IF(C10="","",VLOOKUP(B10,FF!$A$1:$D$2516,4,FALSE)) | F10: =IF(C10="","",E10=D10) | G10: =IF(C10="","",VLOOKUP(B10,FF!$A$1:$F$2516,6,FALSE)) | I10: =IF(C10="","",H10=G10)
C11: =IF(B11="","",VLOOKUP(B11,FF!$A$1:$D$2516,3,FALSE)) | D11: =IF(C11="","",VLOOKUP(B11,FF!$A$1:$D$2516,4,FALSE)) | F11: =IF(C11="","",E11=D11) | G11: =IF(C11="","",VLOOKUP(B11,FF!$A$1:$F$2516,6,FALSE)) | I11: =IF(C11="","",H11=G11)
B12: 1.1.4 | C12: =IF(B12="","",VLOOKUP(B12,FF!$A$1:$D$2516,3,FALSE)) -> M2 | D12: =IF(C12="","",VLOOKUP(B12,FF!$A$1:$D$2516,4,FALSE)) -> 360 | E12: 360 | F12: =IF(C12="","",E12=D12) -> TRUE | G12: =IF(C12="","",VLOOKUP(B12,FF!$A$1:$F$2516,6,FALSE)) -> 11516040 | H12: 11516040 | I12: =IF(C12="","",H12=G12) -> TRUE
C13: =IF(B13="","",VLOOKUP(B13,FF!$A$1:$D$2516,3,FALSE)) | D13: =IF(C13="","",VLOOKUP(B13,FF!$A$1:$D$2516,4,FALSE)) | F13: =IF(C13="","",E13=D13) | G13: =IF(C13="","",VLOOKUP(B13,FF!$A$1:$F$2516,6,FALSE)) | I13: =IF(C13="","",H13=G13)
C14: =IF(B14="","",VLOOKUP(B14,FF!$A$1:$D$2516,3,FALSE)) | D14: =IF(C14="","",VLOOKUP(B14,FF!$A$1:$D$2516,4,FALSE)) | F14: =IF(C14="","",E14=D14) | G14: =IF(C14="","",VLOOKUP(B14,FF!$A$1:$F$2516,6,FALSE)) | I14: =IF(C14="","",H14=G14)
B15: 1.1.5 | C15: =IF(B15="","",VLOOKUP(B15,FF!$A$1:$D$2516,3,FALSE)) -> M2 | D15: =IF(C15="","",VLOOKUP(B15,FF!$A$1:$D$2516,4,FALSE)) -> 120 | E15: 120 | F15: =IF(C15="","",E15=D15) -> TRUE | G15: =IF(C15="","",VLOOKUP(B15,FF!$A$1:$F$2516,6,FALSE)) -> 3121080 | H15: 3121080 | I15: =IF(C15="","",H15=G15) -> TRUE
C16: =IF(B16="","",VLOOKUP(B16,FF!$A$1:$D$2516,3,FALSE)) | D16: =IF(C16="","",VLOOKUP(B16,FF!$A$1:$D$2516,4,FALSE)) | F16: =IF(C16="","",E16=D16) | G16: =IF(C16="","",VLOOKUP(B16,FF!$A$1:$F$2516,6,FALSE)) | I16: =IF(C16="","",H16=G16)
C17: =IF(B17="","",VLOOKUP(B17,FF!$A$1:$D$2516,3,FALSE)) | D17: =IF(C17="","",VLOOKUP(B17,FF!$A$1:$D$2516,4,FALSE)) | F17: =IF(C17="","",E17=D17) | G17: =IF(C17="","",VLOOKUP(B17,FF!$A$1:$F$2516,6,FALSE)) | I17: =IF(C17="","",H17=G17)
B18: 1.2 | D18: =IF(C18="","",VLOOKUP(B18,FF!$A$1:$D$2516,4,FALSE)) | F18: =IF(C18="","",E18=D18) | G18: =IF(C18="","",VLOOKUP(B18,FF!$A$1:$F$2516,6,FALSE)) | I18: =IF(C18="","",H18=G18)
B19: 1.2.1 | C19: =IF(B19="","",VLOOKUP(B19,FF!$A$1:$D$2516,3,FALSE)) -> M2 | D19: =IF(C19="","",VLOOKUP(B19,FF!$A$1:$D$2516,4,FALSE)) -> 41456.73 | E19: 41456.73 | F19: =IF(C19="","",E19=D19) -> TRUE | G19: =IF(C19="","",VLOOKUP(B19,FF!$A$1:$F$2516,6,FALSE)) -> 55095994 | H19: 55095994 | I19: =IF(C19="","",H19=G19) -> TRUE
C20: =IF(B20="","",VLOOKUP(B20,FF!$A$1:$D$2516,3,FALSE)) | D20: =IF(C20="","",VLOOKUP(B20,FF!$A$1:$D$2516,4,FALSE)) | F20: =IF(C20="","",E20=D20) | G20: =IF(C20="","",VLOOKUP(B20,FF!$A$1:$F$2516,6,FALSE)) | I20: =IF(C20="","",H20=G20)
C21: =IF(B21="","",VLOOKUP(B21,FF!$A$1:$D$2516,3,FALSE)) | D21: =IF(C21="","",VLOOKUP(B21,FF!$A$1:$D$2516,4,FALSE)) | F21: =IF(C21="","",E21=D21) | G21: =IF(C21="","",VLOOKUP(B21,FF!$A$1:$F$2516,6,FALSE)) | I21: =IF(C21="","",H21=G21)
B22: 1.2.2 | C22: =IF(B22="","",VLOOKUP(B22,FF!$A$1:$D$2516,3,FALSE)) -> M3 | D22: =IF(C22="","",VLOOKUP(B22,FF!$A$1:$D$2516,4,FALSE)) -> 6844.8 | E22: 6844.8 | F22: =IF(C22="","",E22=D22) -> TRUE | G22: =IF(C22="","",VLOOKUP(B22,FF!$A$1:$F$2516,6,FALSE)) -> 174795658 | H22: 174795658 | I22: =IF(C22="","",H22=G22) -> TRUE
C23: =IF(B23="","",VLOOKUP(B23,FF!$A$1:$D$2516,3,FALSE)) | D23: =IF(C23="","",VLOOKUP(B23,FF!$A$1:$D$2516,4,FALSE)) | F23: =IF(C23="","",E23=D23) | G23: =IF(C23="","",VLOOKUP(B23,FF!$A$1:$F$2516,6,FALSE)) | I23: =IF(C23="","",H23=G23)
C24: =IF(B24="","",VLOOKUP(B24,FF!$A$1:$D$2516,3,FALSE)) | D24: =IF(C24="","",VLOOKUP(B24,FF!$A$1:$D$2516,4,FALSE)) | F24: =IF(C24="","",E24=D24) | G24: =IF(C24="","",VLOOKUP(B24,FF!$A$1:$F$2516,6,FALSE)) | I24: =IF(C24="","",H24=G24)
B25: 1.2.3 | C25: =IF(B25="","",VLOOKUP(B25,FF!$A$1:$D$2516,3,FALSE)) -> M3 | D25: =IF(C25="","",VLOOKUP(B25,FF!$A$1:$D$2516,4,FALSE)) -> 17458.34 | E25: 17458.34 | F25: =IF(C25="","",E25=D25) -> TRUE | G25: =IF(C25="","",VLOOKUP(B25,FF!$A$1:$F$2516,6,FALSE)) -> 163148187 | H25: 163148187 | I25: =IF(C25="","",H25=G25) -> TRUE
C26: =IF(B26="","",VLOOKUP(B26,FF!$A$1:$D$2516,3,FALSE)) | D26: =IF(C26="","",VLOOKUP(B26,FF!$A$1:$D$2516,4,FALSE)) | F26: =IF(C26="","",E26=D26) | G26: =IF(C26="","",VLOOKUP(B26,FF!$A$1:$F$2516,6,FALSE)) | I26: =IF(C26="","",H26=G26)
C27: =IF(B27="","",VLOOKUP(B27,FF!$A$1:$D$2516,3,FALSE)) | D27: =IF(C27="","",VLOOKUP(B27,FF!$A$1:$D$2516,4,FALSE)) | F27: =IF(C27="","",E27=D27) | G27: =IF(C27="","",VLOOKUP(B27,FF!$A$1:$F$2516,6,FALSE)) | I27: =IF(C27="","",H27=G27)
B28: 1.2.4 | C28: =IF(B28="","",VLOOKUP(B28,FF!$A$1:$D$2516,3,FALSE)) -> M3 | D28: =IF(C28="","",VLOOKUP(B28,FF!$A$1:$D$2516,4,FALSE)) -> 15.85 | E28: 15.85 | F28: =IF(C28="","",E28=D28) -> TRUE | G28: =IF(C28="","",VLOOKUP(B28,FF!$A$1:$F$2516,6,FALSE)) -> 2426033 | H28: 2426033 | I28: =IF(C28="","",H28=G28) -> TRUE
C29: =IF(B29="","",VLOOKUP(B29,FF!$A$1:$D$2516,3,FALSE)) | D29: =IF(C29="","",VLOOKUP(B29,FF!$A$1:$D$2516,4,FALSE)) | F29: =IF(C29="","",E29=D29) | G29: =IF(C29="","",VLOOKUP(B29,FF!$A$1:$F$2516,6,FALSE)) | I29: =IF(C29="","",H29=G29)
C30: =IF(B30="","",VLOOKUP(B30,FF!$A$1:$D$2516,3,FALSE)) | D30: =IF(C30="","",VLOOKUP(B30,FF!$A$1:$D$2516,4,FALSE)) | F30: =IF(C30="","",E30=D30) | G30: =IF(C30="","",VLOOKUP(B30,FF!$A$1:$F$2516,6,FALSE)) | I30: =IF(C30="","",H30=G30)
B31: 1.2.5 | C31: =IF(B31="","",VLOOKUP(B31,FF!$A$1:$D$2516,3,FALSE)) -> M3 | D31: =IF(C31="","",VLOOKUP(B31,FF!$A$1:$D$2516,4,FALSE)) -> 3784.93 | E31: 3784.93 | F31: =IF(C31="","",E31=D31) -> TRUE | G31: =IF(C31="","",VLOOKUP(B31,FF!$A$1:$F$2516,6,FALSE)) -> 116837004 | H31: 116837004 | I31: =IF(C31="","",H31=G31) -> TRUE
C32: =IF(B32="","",VLOOKUP(B32,FF!$A$1:$D$2516,3,FALSE)) | D32: =IF(C32="","",VLOOKUP(B32,FF!$A$1:$D$2516,4,FALSE)) | F32: =IF(C32="","",E32=D32) | G32: =IF(C32="","",VLOOKUP(B32,FF!$A$1:$F$2516,6,FALSE)) | I32: =IF(C32="","",H32=G32)
C33: =IF(B33="","",VLOOKUP(B33,FF!$A$1:$D$2516,3,FALSE)) | D33: =IF(C33="","",VLOOKUP(B33,FF!$A$1:$D$2516,4,FALSE)) | F33: =IF(C33="","",E33=D33) | G33: =IF(C33="","",VLOOKUP(B33,FF!$A$1:$F$2516,6,FALSE)) | I33: =IF(C33="","",H33=G33)
B34: 1.2.6 | C34: =IF(B34="","",VLOOKUP(B34,FF!$A$1:$D$2516,3,FALSE)) -> M3 | D34: =IF(C34="","",VLOOKUP(B34,FF!$A$1:$D$2516,4,FALSE)) -> 1475.35 | E34: 1475.35 | F34: =IF(C34="","",E34=D34) -> TRUE | G34: =IF(C34="","",VLOOKUP(B34,FF!$A$1:$F$2516,6,FALSE)) -> 390874803 | H34: 390874803 | I34: =IF(C34="","",H34=G34) -> TRUE
C35: =IF(B35="","",VLOOKUP(B35,FF!$A$1:$D$2516,3,FALSE)) | D35: =IF(C35="","",VLOOKUP(B35,FF!$A$1:$D$2516,4,FALSE)) | F35: =IF(C35="","",E35=D35) | G35: =IF(C35="","",VLOOKUP(B35,FF!$A$1:$F$2516,6,FALSE)) | I35: =IF(C35="","",H35=G35)
C36: =IF(B36="","",VLOOKUP(B36,FF!$A$1:$D$2516,3,FALSE)) | D36: =IF(C36="","",VLOOKUP(B36,FF!$A$1:$D$2516,4,FALSE)) | F36: =IF(C36="","",E36=D36) | G36: =IF(C36="","",VLOOKUP(B36,FF!$A$1:$F$2516,6,FALSE)) | I36: =IF(C36="","",H36=G36)
B37: 1.2.7 | C37: =IF(B37="","",VLOOKUP(B37,FF!$A$1:$D$2516,3,FALSE)) -> M3 | D37: =IF(C37="","",VLOOKUP(B37,FF!$A$1:$D$2516,4,FALSE)) -> 6991.39 | E37: 6991.39 | F37: =IF(C37="","",E37=D37) -> TRUE | G37: =IF(C37="","",VLOOKUP(B37,FF!$A$1:$F$2516,6,FALSE)) -> 295644909 | H37: 295644909 | I37: =IF(C37="","",H37=G37) -> TRUE
C38: =IF(B38="","",VLOOKUP(B38,FF!$A$1:$D$2516,3,FALSE)) | D38: =IF(C38="","",VLOOKUP(B38,FF!$A$1:$D$2516,4,FALSE)) | F38: =IF(C38="","",E38=D38) | G38: =IF(C38="","",VLOOKUP(B38,FF!$A$1:$F$2516,6,FALSE)) | I38: =IF(C38="","",H38=G38)
C39: =IF(B39="","",VLOOKUP(B39,FF!$A$1:$D$2516,3,FALSE)) | D39: =IF(C39="","",VLOOKUP(B39,FF!$A$1:$D$2516,4,FALSE)) | F39: =IF(C39="","",E39=D39) | G39: =IF(C39="","",VLOOKUP(B39,FF!$A$1:$F$2516,6,FALSE)) | I39: =IF(C39="","",H39=G39)
B40: 1.2.8 | C40: =IF(B40="","",VLOOKUP(B40,FF!$A$1:$D$2516,3,FALSE)) -> M3 | D40: =IF(C40="","",VLOOKUP(B40,FF!$A$1:$D$2516,4,FALSE)) -> 1089.56 | E40: 1089.56 | F40: =IF(C40="","",E40=D40) -> TRUE | G40: =IF(C40="","",VLOOKUP(B40,FF!$A$1:$F$2516,6,FALSE)) -> 16799926 | H40: 16799926 | I40: =IF(C40="","",H40=G40) -> TRUE
C41: =IF(B41="","",VLOOKUP(B41,FF!$A$1:$D$2516,3,FALSE)) | D41: =IF(C41="","",VLOOKUP(B41,FF!$A$1:$D$2516,4,FALSE)) | F41: =IF(C41="","",E41=D41) | G41: =IF(C41="","",VLOOKUP(B41,FF!$A$1:$F$2516,6,FALSE)) | I41: =IF(C41="","",H41=G41)
C42: =IF(B42="","",VLOOKUP(B42,FF!$A$1:$D$2516,3,FALSE)) | D42: =IF(C42="","",VLOOKUP(B42,FF!$A$1:$D$2516,4,FALSE)) | F42: =IF(C42="","",E42=D42) | G42: =IF(C42="","",VLOOKUP(B42,FF!$A$1:$F$2516,6,FALSE)) | I42: =IF(C42="","",H42=G42)
B43: 1.2.9 | C43: =IF(B43="","",VLOOKUP(B43,FF!$A$1:$D$2516,3,FALSE)) -> M3 | D43: =IF(C43="","",VLOOKUP(B43,FF!$A$1:$D$2516,4,FALSE)) -> 1730.1 | E43: 1730.1 | F43: =IF(C43="","",E43=D43) -> TRUE | G43: =IF(C43="","",VLOOKUP(B43,FF!$A$1:$F$2516,6,FALSE)) -> 321931818 | H43: 321931818 | I43: =IF(C43="","",H43=G43) -> TRUE
C44: =IF(B44="","",VLOOKUP(B44,FF!$A$1:$D$2516,3,FALSE)) | D44: =IF(C44="","",VLOOKUP(B44,FF!$A$1:$D$2516,4,FALSE)) | F44: =IF(C44="","",E44=D44) | G44: =IF(C44="","",VLOOKUP(B44,FF!$A$1:$F$2516,6,FALSE)) | I44: =IF(C44="","",H44=G44)
C45: =IF(B45="","",VLOOKUP(B45,FF!$A$1:$D$2516,3,FALSE)) | D45: =IF(C45="","",VLOOKUP(B45,FF!$A$1:$D$2516,4,FALSE)) | F45: =IF(C45="","",E45=D45) | G45: =IF(C45="","",VLOOKUP(B45,FF!$A$1:$F$2516,6,FALSE)) | I45: =IF(C45="","",H45=G45)
B46: 1.2.10 | C46: =IF(B46="","",VLOOKUP(B46,FF!$A$1:$D$2516,3,FALSE)) -> M3 | D46: =IF(C46="","",VLOOKUP(B46,FF!$A$1:$D$2516,4,FALSE)) -> 2511.14 | E46: 2511.14 | F46: =IF(C46="","",E46=D46) -> TRUE | G46: =IF(C46="","",VLOOKUP(B46,FF!$A$1:$F$2516,6,FALSE)) -> 517736801 | H46: 517736801 | I46: =IF(C46="","",H46=G46) -> TRUE
C47: =IF(B47="","",VLOOKUP(B47,FF!$A$1:$D$2516,3,FALSE)) | D47: =IF(C47="","",VLOOKUP(B47,FF!$A$1:$D$2516,4,FALSE)) | F47: =IF(C47="","",E47=D47) | G47: =IF(C47="","",VLOOKUP(B47,FF!$A$1:$F$2516,6,FALSE)) | I47: =IF(C47="","",H47=G47)
C48: =IF(B48="","",VLOOKUP(B48,FF!$A$1:$D$2516,3,FALSE)) | D48: =IF(C48="","",VLOOKUP(B48,FF!$A$1:$D$2516,4,FALSE)) | F48: =IF(C48="","",E48=D48) | G48: =IF(C48="","",VLOOKUP(B48,FF!$A$1:$F$2516,6,FALSE)) | I48: =IF(C48="","",H48=G48)
B49: 1.2.11 | C49: =IF(B49="","",VLOOKUP(B49,FF!$A$1:$D$2516,3,FALSE)) -> M2 | D49: =IF(C49="","",VLOOKUP(B49,FF!$A$1:$D$2516,4,FALSE)) -> 12022.68 | E49: 12022.68 | F49: =IF(C49="","",E49=D49) -> TRUE | G49: =IF(C49="","",VLOOKUP(B49,FF!$A$1:$F$2516,6,FALSE)) -> 101663782 | H49: 101663782 | I49: =IF(C49="","",H49=G49) -> TRUE
C50: =IF(B50="","",VLOOKUP(B50,FF!$A$1:$D$2516,3,FALSE)) | D50: =IF(C50="","",VLOOKUP(B50,FF!$A$1:$D$2516,4,FALSE)) | F50: =IF(C50="","",E50=D50) | G50: =IF(C50="","",VLOOKUP(B50,FF!$A$1:$F$2516,6,FALSE)) | I50: =IF(C50="","",H50=G50)
C51: =IF(B51="","",VLOOKUP(B51,FF!$A$1:$D$2516,3,FALSE)) | D51: =IF(C51="","",VLOOKUP(B51,FF!$A$1:$D$2516,4,FALSE)) | F51: =IF(C51="","",E51=D51) | G51: =IF(C51="","",VLOOKUP(B51,FF!$A$1:$F$2516,6,FALSE)) | I51: =IF(C51="","",H51=G51)
B52: 1.3 | D52: =IF(C52="","",VLOOKUP(B52,FF!$A$1:$D$2516,4,FALSE)) | F52: =IF(C52="","",E52=D52) | G52: =IF(C52="","",VLOOKUP(B52,FF!$A$1:$F$2516,6,FALSE)) | I52: =IF(C52="","",H52=G52)
B53: 1.3.1 | C53: =IF(B53="","",VLOOKUP(B53,FF!$A$1:$D$2516,3,FALSE)) -> M2 | D53: =IF(C53="","",VLOOKUP(B53,FF!$A$1:$D$2516,4,FALSE)) -> 1540.72 | E53: 1540.72 | F53: =IF(C53="","",E53=D53) -> TRUE | G53: =IF(C53="","",VLOOKUP(B53,FF!$A$1:$F$2516,6,FALSE)) -> 55727842 | H53: 55727842 | I53: =IF(C53="","",H53=G53) -> TRUE
C54: =IF(B54="","",VLOOKUP(B54,FF!$A$1:$D$2516,3,FALSE)) | D54: =IF(C54="","",VLOOKUP(B54,FF!$A$1:$D$2516,4,FALSE)) | F54: =IF(C54="","",E54=D54) | G54: =IF(C54="","",VLOOKUP(B54,FF!$A$1:$F$2516,6,FALSE)) | I54: =IF(C54="","",H54=G54)
C55: =IF(B55="","",VLOOKUP(B55,FF!$A$1:$D$2516,3,FALSE)) | D55: =IF(C55="","",VLOOKUP(B55,FF!$A$1:$D$2516,4,FALSE)) | F55: =IF(C55="","",E55=D55) | G55: =IF(C55="","",VLOOKUP(B55,FF!$A$1:$F$2516,6,FALSE)) | I55: =IF(C55="","",H55=G55)
B56: 1.3.2 | C56: =IF(B56="","",VLOOKUP(B56,FF!$A$1:$D$2516,3,FALSE)) -> M3 | D56: =IF(C56="","",VLOOKUP(B56,FF!$A$1:$D$2516,4,FALSE)) -> 28.19 | E56: 28.19 | F56: =IF(C56="","",E56=D56) -> TRUE | G56: =IF(C56="","",VLOOKUP(B56,FF!$A$1:$F$2516,6,FALSE)) -> 2909603 | H56: 2909603 | I56: =IF(C56="","",H56=G56) -> TRUE
C57: =IF(B57="","",VLOOKUP(B57,FF!$A$1:$D$2516,3,FALSE)) | D57: =IF(C57="","",VLOOKUP(B57,FF!$A$1:$D$2516,4,FALSE)) | F57: =IF(C57="","",E57=D57) | G57: =IF(C57="","",VLOOKUP(B57,FF!$A$1:$F$2516,6,FALSE)) | I57: =IF(C57="","",H57=G57)
C58: =IF(B58="","",VLOOKUP(B58,FF!$A$1:$D$2516,3,FALSE)) | D58: =IF(C58="","",VLOOKUP(B58,FF!$A$1:$D$2516,4,FALSE)) | F58: =IF(C58="","",E58=D58) | G58: =IF(C58="","",VLOOKUP(B58,FF!$A$1:$F$2516,6,FALSE)) | I58: =IF(C58="","",H58=G58)
B59: 1.3.3 | C59: =IF(B59="","",VLOOKUP(B59,FF!$A$1:$D$2516,3,FALSE)) -> M3 | D59: =IF(C59="","",VLOOKUP(B59,FF!$A$1:$D$2516,4,FALSE)) -> 269.21 | E59: 269.21 | F59: =IF(C59="","",E59=D59) -> TRUE | G59: =IF(C59="","",VLOOKUP(B59,FF!$A$1:$F$2516,6,FALSE)) -> 11384083 | H59: 11384083 | I59: =IF(C59="","",H59=G59) -> TRUE
C60: =IF(B60="","",VLOOKUP(B60,FF!$A$1:$D$2516,3,FALSE)) | D60: =IF(C60="","",VLOOKUP(B60,FF!$A$1:$D$2516,4,FALSE)) | F60: =IF(C60="","",E60=D60) | G60: =IF(C60="","",VLOOKUP(B60,FF!$A$1:$F$2516,6,FALSE)) | I60: =IF(C60="","",H60=G60)
C61: =IF(B61="","",VLOOKUP(B61,FF!$A$1:$D$2516,3,FALSE)) | D61: =IF(C61="","",VLOOKUP(B61,FF!$A$1:$D$2516,4,FALSE)) | F61: =IF(C61="","",E61=D61) | G61: =IF(C61="","",VLOOKUP(B61,FF!$A$1:$F$2516,6,FALSE)) | I61: =IF(C61="","",H61=G61)
B62: 1.3.4 | C62: =IF(B62="","",VLOOKUP(B62,FF!$A$1:$D$2516,3,FALSE)) -> ML | D62: =IF(C62="","",VLOOKUP(B62,FF!$A$1:$D$2516,4,FALSE)) -> 652.34 | E62: 652.34 | F62: =IF(C62="","",E62=D62) -> TRUE | G62: =IF(C62="","",VLOOKUP(B62,FF!$A$1:$F$2516,6,FALSE)) -> 1731963 | H62: 1731963 | I62: =IF(C62="","",H62=G62) -> TRUE
C63: =IF(B63="","",VLOOKUP(B63,FF!$A$1:$D$2516,3,FALSE)) | D63: =IF(C63="","",VLOOKUP(B63,FF!$A$1:$D$2516,4,FALSE)) | F63: =IF(C63="","",E63=D63) | G63: =IF(C63="","",VLOOKUP(B63,FF!$A$1:$F$2516,6,FALSE)) | I63: =IF(C63="","",H63=G63)
C64: =IF(B64="","",VLOOKUP(B64,FF!$A$1:$D$2516,3,FALSE)) | D64: =IF(C64="","",VLOOKUP(B64,FF!$A$1:$D$2516,4,FALSE)) | F64: =IF(C64="","",E64=D64) | G64: =IF(C64="","",VLOOKUP(B64,FF!$A$1:$F$2516,6,FALSE)) | I64: =IF(C64="","",H64=G64)
B65: 2 | D65: =IF(C65="","",VLOOKUP(B65,FF!$A$1:$D$2516,4,FALSE)) | F65: =IF(C65="","",E65=D65) | G65: =IF(C65="","",VLOOKUP(B65,FF!$A$1:$F$2516,6,FALSE)) | I65: =IF(C65="","",H65=G65)
B66: 2.1 | D66: =IF(C66="","",VLOOKUP(B66,FF!$A$1:$D$2516,4,FALSE)) | F66: =IF(C66="","",E66=D66) | G66: =IF(C66="","",VLOOKUP(B66,FF!$A$1:$F$2516,6,FALSE)) | I66: =IF(C66="","",H66=G66)
B67: 2.1.1 | C67: =IF(B67="","",VLOOKUP(B67,FF!$A$1:$D$2516,3,FALSE)) -> M2 | D67: =IF(C67="","",VLOOKUP(B67,FF!$A$1:$D$2516,4,FALSE)) -> 792.5 | E67: 792.5 | F67: =IF(C67="","",E67=D67) -> TRUE | G67: =IF(C67="","",VLOOKUP(B67,FF!$A$1:$F$2516,6,FALSE)) -> 24500138 | H67: 24500138 | I67: =IF(C67="","",H67=G67) -> TRUE
C68: =IF(B68="","",VLOOKUP(B68,FF!$A$1:$D$2516,3,FALSE)) | D68: =IF(C68="","",VLOOKUP(B68,FF!$A$1:$D$2516,4,FALSE)) | F68: =IF(C68="","",E68=D68) | G68: =IF(C68="","",VLOOKUP(B68,FF!$A$1:$F$2516,6,FALSE)) | I68: =IF(C68="","",H68=G68)
C69: =IF(B69="","",VLOOKUP(B69,FF!$A$1:$D$2516,3,FALSE)) | D69: =IF(C69="","",VLOOKUP(B69,FF!$A$1:$D$2516,4,FALSE)) | F69: =IF(C69="","",E69=D69) | G69: =IF(C69="","",VLOOKUP(B69,FF!$A$1:$F$2516,6,FALSE)) | I69: =IF(C69="","",H69=G69)
B70: 2.1.2 | C70: =IF(B70="","",VLOOKUP(B70,FF!$A$1:$D$2516,3,FALSE)) -> M3 | D70: =IF(C70="","",VLOOKUP(B70,FF!$A$1:$D$2516,4,FALSE)) -> 158.2 | E70: 158.2 | F70: =IF(C70="","",E70=D70) -> TRUE | G70: =IF(C70="","",VLOOKUP(B70,FF!$A$1:$F$2516,6,FALSE)) -> 170233008 | H70: 170233008 | I70: =IF(C70="","",H70=G70) -> TRUE
C71: =IF(B71="","",VLOOKUP(B71,FF!$A$1:$D$2516,3,FALSE)) | D71: =IF(C71="","",VLOOKUP(B71,FF!$A$1:$D$2516,4,FALSE)) | F71: =IF(C71="","",E71=D71) | G71: =IF(C71="","",VLOOKUP(B71,FF!$A$1:$F$2516,6,FALSE)) | I71: =IF(C71="","",H71=G71)
C72: =IF(B72="","",VLOOKUP(B72,FF!$A$1:$D$2516,3,FALSE)) | D72: =IF(C72="","",VLOOKUP(B72,FF!$A$1:$D$2516,4,FALSE)) | F72: =IF(C72="","",E72=D72) | G72: =IF(C72="","",VLOOKUP(B72,FF!$A$1:$F$2516,6,FALSE)) | I72: =IF(C72="","",H72=G72)
B73: 2.1.3 | C73: =IF(B73="","",VLOOKUP(B73,FF!$A$1:$D$2516,3,FALSE)) -> M3 | D73: =IF(C73="","",VLOOKUP(B73,FF!$A$1:$D$2516,4,FALSE)) -> 158.8 | E73: 158.8 | F73: =IF(C73="","",E73=D73) -> TRUE | G73: =IF(C73="","",VLOOKUP(B73,FF!$A$1:$F$2516,6,FALSE)) -> 176546059 | H73: 176546059 | I73: =IF(C73="","",H73=G73) -> TRUE
C74: =IF(B74="","",VLOOKUP(B74,FF!$A$1:$D$2516,3,FALSE)) | D74: =IF(C74="","",VLOOKUP(B74,FF!$A$1:$D$2516,4,FALSE)) | F74: =IF(C74="","",E74=D74) | G74: =IF(C74="","",VLOOKUP(B74,FF!$A$1:$F$2516,6,FALSE)) | I74: =IF(C74="","",H74=G74)
C75: =IF(B75="","",VLOOKUP(B75,FF!$A$1:$D$2516,3,FALSE)) | D75: =IF(C75="","",VLOOKUP(B75,FF!$A$1:$D$2516,4,FALSE)) | F75: =IF(C75="","",E75=D75) | G75: =IF(C75="","",VLOOKUP(B75,FF!$A$1:$F$2516,6,FALSE)) | I75: =IF(C75="","",H75=G75)
B76: 2.1.4 | C76: =IF(B76="","",VLOOKUP(B76,FF!$A$1:$D$2516,3,FALSE)) -> M3 | D76: =IF(C76="","",VLOOKUP(B76,FF!$A$1:$D$2516,4,FALSE)) -> 576.7 | E76: 576.7 | F76: =IF(C76="","",E76=D76) -> TRUE | G76: =IF(C76="","",VLOOKUP(B76,FF!$A$1:$F$2516,6,FALSE)) -> 595841250 | H76: 595841250 | I76: =IF(C76="","",H76=G76) -> TRUE
C77: =IF(B77="","",VLOOKUP(B77,FF!$A$1:$D$2516,3,FALSE)) | D77: =IF(C77="","",VLOOKUP(B77,FF!$A$1:$D$2516,4,FALSE)) | F77: =IF(C77="","",E77=D77) | G77: =IF(C77="","",VLOOKUP(B77,FF!$A$1:$F$2516,6,FALSE)) | I77: =IF(C77="","",H77=G77)
C78: =IF(B78="","",VLOOKUP(B78,FF!$A$1:$D$2516,3,FALSE)) | D78: =IF(C78="","",VLOOKUP(B78,FF!$A$1:$D$2516,4,FALSE)) | F78: =IF(C78="","",E78=D78) | G78: =IF(C78="","",VLOOKUP(B78,FF!$A$1:$F$2516,6,FALSE)) | I78: =IF(C78="","",H78=G78)
B79: 2.1.5 | C79: =IF(B79="","",VLOOKUP(B79,FF!$A$1:$D$2516,3,FALSE)) -> KG | D79: =IF(C79="","",VLOOKUP(B79,FF!$A$1:$D$2516,4,FALSE)) -> 114755.99 | E79: 114755.99 | F79: =IF(C79="","",E79=D79) -> TRUE | G79: =IF(C79="","",VLOOKUP(B79,FF!$A$1:$F$2516,6,FALSE)) -> 690601548 | H79: 690601548 | I79: =IF(C79="","",H79=G79) -> TRUE
C80: =IF(B80="","",VLOOKUP(B80,FF!$A$1:$D$2516,3,FALSE)) | D80: =IF(C80="","",VLOOKUP(B80,FF!$A$1:$D$2516,4,FALSE)) | F80: =IF(C80="","",E80=D80) | G80: =IF(C80="","",VLOOKUP(B80,FF!$A$1:$F$2516,6,FALSE)) | I80: =IF(C80="","",H80=G80)
C81: =IF(B81="","",VLOOKUP(B81,FF!$A$1:$D$2516,3,FALSE)) | D81: =IF(C81="","",VLOOKUP(B81,FF!$A$1:$D$2516,4,FALSE)) | F81: =IF(C81="","",E81=D81) | G81: =IF(C81="","",VLOOKUP(B81,FF!$A$1:$F$2516,6,FALSE)) | I81: =IF(C81="","",H81=G81)
B82: 2.1.6 | C82: =IF(B82="","",VLOOKUP(B82,FF!$A$1:$D$2516,3,FALSE)) -> KG | D82: =IF(C82="","",VLOOKUP(B82,FF!$A$1:$D$2516,4,FALSE)) -> 36518.41 | E82: 36518.41 | F82: =IF(C82="","",E82=D82) -> TRUE | G82: =IF(C82="","",VLOOKUP(B82,FF!$A$1:$F$2516,6,FALSE)) -> 331623681 | H82: 331623681 | I82: =IF(C82="","",H82=G82) -> TRUE
C83: =IF(B83="","",VLOOKUP(B83,FF!$A$1:$D$2516,3,FALSE)) | D83: =IF(C83="","",VLOOKUP(B83,FF!$A$1:$D$2516,4,FALSE)) | F83: =IF(C83="","",E83=D83) | G83: =IF(C83="","",VLOOKUP(B83,FF!$A$1:$F$2516,6,FALSE)) | I83: =IF(C83="","",H83=G83)
C84: =IF(B84="","",VLOOKUP(B84,FF!$A$1:$D$2516,3,FALSE)) | D84: =IF(C84="","",VLOOKUP(B84,FF!$A$1:$D$2516,4,FALSE)) | F84: =IF(C84="","",E84=D84) | G84: =IF(C84="","",VLOOKUP(B84,FF!$A$1:$F$2516,6,FALSE)) | I84: =IF(C84="","",H84=G84)
B85: 2.2 | D85: =IF(C85="","",VLOOKUP(B85,FF!$A$1:$D$2516,4,FALSE)) | F85: =IF(C85="","",E85=D85) | G85: =IF(C85="","",VLOOKUP(B85,FF!$A$1:$F$2516,6,FALSE)) | I85: =IF(C85="","",H85=G85)
B86: 2.2.1 | C86: =IF(B86="","",VLOOKUP(B86,FF!$A$1:$D$2516,3,FALSE)) -> M3 | D86: =IF(C86="","",VLOOKUP(B86,FF!$A$1:$D$2516,4,FALSE)) -> 233.3 | E86: 233.3 | F86: =IF(C86="","",E86=D86) -> TRUE | G86: =IF(C86="","",VLOOKUP(B86,FF!$A$1:$F$2516,6,FALSE)) -> 295092071 | H86: 295092071 | I86: =IF(C86="","",H86=G86) -> TRUE
C87: =IF(B87="","",VLOOKUP(B87,FF!$A$1:$D$2516,3,FALSE)) | D87: =IF(C87="","",VLOOKUP(B87,FF!$A$1:$D$2516,4,FALSE)) | F87: =IF(C87="","",E87=D87) | G87: =IF(C87="","",VLOOKUP(B87,FF!$A$1:$F$2516,6,FALSE)) | I87: =IF(C87="","",H87=G87)
C88: =IF(B88="","",VLOOKUP(B88,FF!$A$1:$D$2516,3,FALSE)) | D88: =IF(C88="","",VLOOKUP(B88,FF!$A$1:$D$2516,4,FALSE)) | F88: =IF(C88="","",E88=D88) | G88: =IF(C88="","",VLOOKUP(B88,FF!$A$1:$F$2516,6,FALSE)) | I88: =IF(C88="","",H88=G88)
B89: 2.2.2 | C89: =IF(B89="","",VLOOKUP(B89,FF!$A$1:$D$2516,3,FALSE)) -> M3 | D89: =IF(C89="","",VLOOKUP(B89,FF!$A$1:$D$2516,4,FALSE)) -> 221.7 | E89: 221.7 | F89: =IF(C89="","",E89=D89) -> TRUE | G89: =IF(C89="","",VLOOKUP(B89,FF!$A$1:$F$2516,6,FALSE)) -> 274662135 | H89: 274662135 | I89: =IF(C89="","",H89=G89) -> TRUE
C90: =IF(B90="","",VLOOKUP(B90,FF!$A$1:$D$2516,3,FALSE)) | D90: =IF(C90="","",VLOOKUP(B90,FF!$A$1:$D$2516,4,FALSE)) | F90: =IF(C90="","",E90=D90) | G90: =IF(C90="","",VLOOKUP(B90,FF!$A$1:$F$2516,6,FALSE)) | I90: =IF(C90="","",H90=G90)
C91: =IF(B91="","",VLOOKUP(B91,FF!$A$1:$D$2516,3,FALSE)) | D91: =IF(C91="","",VLOOKUP(B91,FF!$A$1:$D$2516,4,FALSE)) | F91: =IF(C91="","",E91=D91) | G91: =IF(C91="","",VLOOKUP(B91,FF!$A$1:$F$2516,6,FALSE)) | I91: =IF(C91="","",H91=G91)
B92: 2.2.3 | C92: =IF(B92="","",VLOOKUP(B92,FF!$A$1:$D$2516,3,FALSE)) -> M3 | D92: =IF(C92="","",VLOOKUP(B92,FF!$A$1:$D$2516,4,FALSE)) -> 12.7 | E92: 12.7 | F92: =IF(C92="","",E92=D92) -> TRUE | G92: =IF(C92="","",VLOOKUP(B92,FF!$A$1:$F$2516,6,FALSE)) -> 15733916 | H92: 15733916 | I92: =IF(C92="","",H92=G92) -> TRUE
C93: =IF(B93="","",VLOOKUP(B93,FF!$A$1:$D$2516,3,FALSE)) | D93: =IF(C93="","",VLOOKUP(B93,FF!$A$1:$D$2516,4,FALSE)) | F93: =IF(C93="","",E93=D93) | G93: =IF(C93="","",VLOOKUP(B93,FF!$A$1:$F$2516,6,FALSE)) | I93: =IF(C93="","",H93=G93)
C94: =IF(B94="","",VLOOKUP(B94,FF!$A$1:$D$2516,3,FALSE)) | D94: =IF(C94="","",VLOOKUP(B94,FF!$A$1:$D$2516,4,FALSE)) | F94: =IF(C94="","",E94=D94) | G94: =IF(C94="","",VLOOKUP(B94,FF!$A$1:$F$2516,6,FALSE)) | I94: =IF(C94="","",H94=G94)
B95: 2.2.4 | C95: =IF(B95="","",VLOOKUP(B95,FF!$A$1:$D$2516,3,FALSE)) -> M3 | D95: =IF(C95="","",VLOOKUP(B95,FF!$A$1:$D$2516,4,FALSE)) -> 522.88 | E95: 522.88 | F95: =IF(C95="","",E95=D95) -> TRUE | G95: =IF(C95="","",VLOOKUP(B95,FF!$A$1:$F$2516,6,FALSE)) -> 643180047 | H95: 643180047 | I95: =IF(C95="","",H95=G95) -> TRUE
C96: =IF(B96="","",VLOOKUP(B96,FF!$A$1:$D$2516,3,FALSE)) | D96: =IF(C96="","",VLOOKUP(B96,FF!$A$1:$D$2516,4,FALSE)) | F96: =IF(C96="","",E96=D96) | G96: =IF(C96="","",VLOOKUP(B96,FF!$A$1:$F$2516,6,FALSE)) | I96: =IF(C96="","",H96=G96)
C97: =IF(B97="","",VLOOKUP(B97,FF!$A$1:$D$2516,3,FALSE)) | D97: =IF(C97="","",VLOOKUP(B97,FF!$A$1:$D$2516,4,FALSE)) | F97: =IF(C97="","",E97=D97) | G97: =IF(C97="","",VLOOKUP(B97,FF!$A$1:$F$2516,6,FALSE)) | I97: =IF(C97="","",H97=G97)
B98: 2.2.5 | C98: =IF(B98="","",VLOOKUP(B98,FF!$A$1:$D$2516,3,FALSE)) -> M3 | D98: =IF(C98="","",VLOOKUP(B98,FF!$A$1:$D$2516,4,FALSE)) -> 22.9 | E98: 22.9 | F98: =IF(C98="","",E98=D98) -> TRUE | G98: =IF(C98="","",VLOOKUP(B98,FF!$A$1:$F$2516,6,FALSE)) -> 24359303 | H98: 24359303 | I98: =IF(C98="","",H98=G98) -> TRUE
C99: =IF(B99="","",VLOOKUP(B99,FF!$A$1:$D$2516,3,FALSE)) | D99: =IF(C99="","",VLOOKUP(B99,FF!$A$1:$D$2516,4,FALSE)) | F99: =IF(C99="","",E99=D99) | G99: =IF(C99="","",VLOOKUP(B99,FF!$A$1:$F$2516,6,FALSE)) | I99: =IF(C99="","",H99=G99)
C100: =IF(B100="","",VLOOKUP(B100,FF!$A$1:$D$2516,3,FALSE)) | D100: =IF(C100="","",VLOOKUP(B100,FF!$A$1:$D$2516,4,FALSE)) | F100: =IF(C100="","",E100=D100) | G100: =IF(C100="","",VLOOKUP(B100,FF!$A$1:$F$2516,6,FALSE)) | I100: =IF(C100="","",H100=G100)
B101: 2.2.6 | C101: =IF(B101="","",VLOOKUP(B101,FF!$A$1:$D$2516,3,FALSE)) -> KG | D101: =IF(C101="","",VLOOKUP(B101,FF!$A$1:$D$2516,4,FALSE)) -> 118791 | E101: 118791 | F101: =IF(C101="","",E101=D101) -> TRUE | G101: =IF(C101="","",VLOOKUP(B101,FF!$A$1:$F$2516,6,FALSE)) -> 714884238 | H101: 714884238 | I101: =IF(C101="","",H101=G101) -> TRUE
...
